 Dungeon Crawl Stone Soup version 0.26-a0-812-g31a745ddcd (webtiles) character file.

Game seed: 14450451200367175153

19367727 Megustar the Infernalist (level 27, 199/199 HPs)
             Began as a Deep Elf Fire Elementalist on Dec 1, 2020.
             Was the Champion of Vehumet.
             Escaped with the Orb
             ... and 15 runes!
             The game lasted 06:06:40 (81740 turns).

Megustar the Infernalist (DEFE)                    Turns: 81740, Time: 06:06:41

Health: 199/199    AC: 21    Str: 21    XL:     27
Magic:  92/92      EV: 32    Int: 41    God:    Vehumet [******]
Gold:   11987      SH: 20    Dex: 12    Spells: 3/80 levels left

rFire    + + +     SeeInvis .   t - staff of fire
rCold    + + +     Faith    .   Z - +2 shield of Resistance {rF++ rC++ MR++}
rNeg     + + .     Spirit   .   S - +2 leather armour "Bukkik" {MP+9 Int+5}
rPois    +         Reflect  .   l - +2 hat of Agoraphobia {rN+ MR+ Str+2 Int+2}
rElec    +         Harm     .   O - +0 cloak of Inviolability {rPois rC+ MR+}
rCorr    .         Rampage  .   u - +1 pair of gloves "Riatuap" {rF+ rN+ Int+4}
MR       +++++                  a - +2 pair of boots {Fly}
Stlth    ++++......             c - amulet "Yweov" {Regen+ MP+9 Str+6 Int-4}
HPRegen  1.23/turn              g - ring "Roegom" {rC+ MP+9 Int+4 Dex-3}
MPRegen  0.53/turn              q - ring "Larualal" {MP+9 EV+4 Str+6 Int-2 Stlth+}

@: flying
A: dopey 1, fire resistance 1, regeneration 1, shaggy fur 1, electricity
resistance, strong 1, subdued magic 1
0: Orb of Zot
}: 15/15 runes: decaying, barnacled, slimy, silver, golden, iron, obsidian, icy,
bone, abyssal, demonic, glowing, magical, fiery, dark
a: Renounce Religion, Stop Flying


You escaped.
You worshipped Vehumet.
Vehumet was exalted by your worship.
You visited 18 branches of the dungeon, and saw 89 of its levels.
You visited Pandemonium 1 time, and saw 11 of its levels.
You visited the Abyss 2 times.
You completed 4 ziggurats, and saw 108 of their levels.
You also visited: Sewer and Ice Cave.

You collected 13999 gold pieces.
You spent 2012 gold pieces at shops.

Inventory:

Hand Weapons
 x - the +10 morningstar "Eos" {elec, Halo rElec}
   (You found it on level 17 of a ziggurat)

   Occasionally, upon striking a foe, it will discharge some electrical energy
   and cause terrible harm.
   It insulates you from electricity.
Armour
 a - a +2 pair of boots of flying (worn)
 l - the +2 hat of Agoraphobia (worn) {rN+ MR+ Str+2 Int+2}
   (You found it on level 5 of the Lair of Beasts)

   It affects your strength (+2).
   It affects your intelligence (+2).
   It protects you from negative energy.
   It affects your resistance to hostile enchantments.
 n - a +2 pair of boots of running
 u - the +1 pair of gloves "Riatuap" (worn) {rF+ rN+ Int+4}
   (You acquired it on level 20 of a ziggurat)

   It affects your intelligence (+4).
   It protects you from fire.
   It protects you from negative energy.
 O - the +0 cloak of Inviolability (worn) {rPois rC+ MR+}
   (You found it on level 20 of a ziggurat)

   It protects you from cold.
   It protects you from poison.
   It affects your resistance to hostile enchantments.
 Q - the +2 robe of Vines {NoPotionHeal Regen+7}
   (You took it off an ogre mage on level 14 of the Dungeon)

   It increases your rate of regeneration.
 S - the +2 leather armour "Bukkik" (worn) {MP+9 Int+5}
   (You found it on level 17 of a ziggurat)

   It affects your intelligence (+5).
   It affects your magic capacity (+9).
 Z - the +2 shield of Resistance (worn) {rF++ rC++ MR++}
   (You found it on level 14 of a ziggurat)

   It greatly protects you from fire.
   It greatly protects you from cold.
   It affects your resistance to hostile enchantments.
Magical Staves
 t - an uncursed staff of fire (weapon)
Jewellery
 c - the amulet "Yweov" (around neck) {Regen+ MP+9 Str+6 Int-4}
   (You found it on level 8 of a ziggurat)

   [amulet of regeneration]

   It affects your strength (+6).
   It affects your intelligence (-4).
   It affects your magic capacity (+9).
   It increases your rate of regeneration.
 d - the amulet of Ymant {MR++ Regen+ Int+4}
   (You found it on level 17 of a ziggurat)

   [amulet of regeneration]

   It affects your intelligence (+4).
   It affects your resistance to hostile enchantments.
   It increases your rate of regeneration.
 g - the ring "Roegom" (left hand) {rC+ MP+9 Int+4 Dex-3}
   (You found it on level 21 of a ziggurat)

   [ring of magical power]

   It affects your intelligence (+4).
   It affects your dexterity (-3).
   It protects you from cold.
   It affects your magic capacity (+9).
 q - the ring "Larualal" (right hand) {MP+9 EV+4 Str+6 Int-2 Stlth+}
   (You found it on level 16 of a ziggurat)

   [ring of evasion]

   It affects your evasion (+4).
   It affects your strength (+6).
   It affects your intelligence (-2).
   It affects your magic capacity (+9).
   It makes you more stealthy.
 s - the amulet of the Four Winds {rN+ MR+++ Clar}
   (You found it on level 25 of a ziggurat)

   [amulet of nothing]

   It protects you from negative energy.
   It affects your resistance to hostile enchantments.
   It protects you against confusion.
 C - the ring of Phasing {EV+8}
   (You found it on level 25 of a ziggurat)

   [ring of evasion]

   It affects your evasion (+8).
 G - the ring of Zaw Pebet {Str+7 SInv}
   (You found it on level 21 of a ziggurat)

   [ring of see invisible]

   It affects your strength (+7).
   It lets you see invisible.
 X - the ring of the Mage {Wiz MR++ Int+3}
   (You found it on level 12 of a ziggurat)

   [ring of wizardry]

   It improves your spell success rate.
   It affects your intelligence (+3).
   It affects your resistance to hostile enchantments.
Wands
 I - a wand of acid (12)
 T - a wand of iceblast (84)
 W - a wand of digging (9)
 Y - a wand of disintegration (73)
Scrolls
 f - 8 scrolls of identify
 i - 6 scrolls of summoning
 j - 62 scrolls of remove curse
 m - 64 scrolls of teleportation
 r - 18 scrolls of fear
 v - 20 scrolls of amnesia
 y - 13 scrolls of holy word
 D - 39 scrolls of fog
 E - a scroll of enchant armour
 L - 3 scrolls of magic mapping
 P - 37 scrolls of blinking
 U - 11 scrolls of silence
 V - 12 scrolls of immolation
Potions
 b - 16 potions of curing
 e - 16 potions of brilliance
 k - 19 potions of magic
 o - 8 potions of lignification
 p - 26 potions of heal wounds
 w - 16 potions of haste
 z - 4 potions of resistance
 A - 2 potions of invisibility
 H - 11 potions of might
 J - 6 potions of berserk rage
 K - 14 potions of cancellation
 M - a potion of ambrosia
 N - 82 potions of mutation
Miscellaneous
 h - a lightning rod (4/4)
 B - a +4 figurine of a ziggurat
 F - the horn of Geryon
 R - a box of beasts


   Skills:
 O Level 27 Fighting
 + Level 21.1(23.5) Maces & Flails
 + Level 23.7(27) Staves
 O Level 27 Armour
 O Level 27 Dodging
 O Level 27 Stealth
 O Level 27 Shields
 O Level 27 Spellcasting
 O Level 27 Conjurations
 O Level 27 Necromancy
 O Level 27 Translocations
 O Level 27 Transmutations
 O Level 27 Fire Magic
 O Level 27 Ice Magic
 O Level 27 Air Magic
 O Level 27 Earth Magic
 O Level 27 Evocations


You had 3 spell levels left.
You knew the following spells:

 Your Spells              Type           Power        Failure   Level
a - Fire Storm            Conj/Fire      ########..   1%          9
b - Necromutation         Tmut/Necr      ########..   0%          8
c - Tornado               Air            ########..   1%          9
d - Absolute Zero         Ice            ########..   1%          9
e - Shatter               Erth           ########..   1%          9
f - Sublimation of Blood  Necr           ########..   0%          2
g - Death's Door          Necr           ########..   1%          9
h - Ignition              Fire           ########..   0%          8
i - Orb of Destruction    Conj           ########..   0%          7
k - Iskenderun's Battles  Conj           ########     0%          5
m - Blink                 Tloc           N/A          0%          2

Your spell library contained the following spells:

 Spells                   Type           Power        Failure   Level
 Lehudib's Crystal Spear  Conj/Erth      ########..   0%          8
 Animate Skeleton         Necr           ######       0%          1
 Apportation              Tloc           ######       0%          1
 Beastly Appendage        Tmut           ######       0%          1
 Foxfire                  Conj/Fire      ####         0%          1
 Freeze                   Ice            ####         0%          1
 Magic Dart               Conj           ####         0%          1
 Pain                     Necr           ####         0%          1
 Sandblast                Erth           ######       0%          1
 Shock                    Conj/Air       ####         0%          1
 Sting                    Tmut/Pois      ####         0%          1
 Corpse Rot               Necr/Air       N/A          0%          2
 Ensorcelled Hibernation  Hex/Ice        ######       0%          2
 Passwall                 Tmut/Erth      ########     0%          2
 Poisonous Vapours        Pois/Air       ######       0%          2
 Searing Ray              Conj           ######       0%          2
 Swiftness                Air            ########     0%          2
 Wereblood                Tmut           ########     0%          2
 Conjure Flame            Conj/Fire      ########     0%          3
 Dazzling Flash           Conj/Hex       ######       0%          3
 Frozen Ramparts          Ice            ######       0%          3
 Gell's Gravitas          Tloc           ########..   0%          3
 Ignite Poison            Fire/Tmut/Pois ########     0%          3
 Inner Flame              Hex/Fire       ########     0%          3
 Lesser Beckoning         Tloc           ########..   0%          3
 Mephitic Cloud           Conj/Pois/Air  ########     0%          3
 Ozocubu's Armour         Ice            ########     0%          3
 Portal Projectile        Hex/Tloc       ######       0%          3
 Spider Form              Tmut/Pois      #######...   0%          3
 Static Discharge         Conj/Air       ########     0%          3
 Stone Arrow              Conj/Erth      ######       0%          3
 Teleport Other           Tloc           ########     0%          3
 Vampiric Draining        Necr           ########..   0%          3
 Corona                   Hex            #####..      1%          1
 Summon Small Mammal      Summ           ####         1%          1
 Call Imp                 Summ           #####...     1%          2
 Slow                     Hex            #####...     1%          2
 Call Canine Familiar     Summ           #####...     1%          3
 Confusing Touch          Hex            #####...     1%          3
 Summon Guardian Golem    Hex/Summ       #####...     1%          3
 Tukima's Dance           Hex            #####...     1%          3
 Airstrike                Air            ########..   0%          4
 Animate Dead             Necr           ########..   0%          4
 Dispel Undead            Necr           ########     0%          4
 Fulminant Prism          Conj/Hex       #######...   0%          4
 Hailstorm                Conj/Ice       ########     0%          4
 Ice Form                 Ice/Tmut       ########     0%          4
 Iskenderun's Mystic Bla  Conj/Tloc      ########     0%          4
 Leda's Liquefaction      Hex/Erth       #######...   0%          4
 Passage of Golubria      Tloc           N/A          0%          4
 Petrify                  Tmut/Erth      ########     0%          4
 Sticky Flame             Conj/Fire      ########     0%          4
 Summon Ice Beast         Ice/Summ       #######.     0%          4
 Summon Lightning Spire   Summ/Air       #######.     0%          4
 Agony                    Necr           ########     0%          5
 Alistair's Intoxication  Tmut/Pois      #######..    0%          5
 Blade Hands              Tmut           ########..   0%          5
 Bolt of Magma            Conj/Fire/Erth ########..   0%          5
 Borgnjor's Vile Clutch   Necr/Erth      ########..   0%          5
 Excruciating Wounds      Necr           ########..   0%          5
 Fireball                 Conj/Fire      ########..   0%          5
 Irradiate                Conj/Tmut      ########..   0%          5
 Lee's Rapid Deconstruct  Erth           ########..   0%          5
 Lightning Bolt           Conj/Air       ########..   0%          5
 Metabolic Englaciation   Hex/Ice        #######...   0%          5
 Silence                  Hex/Air        #######...   0%          5
 Summon Forest            Summ/Tloc      #######...   0%          5
 Yara's Violent Unravell  Hex/Tmut       #######...   0%          5
 Conjure Ball Lightning   Conj/Air       ########..   0%          6
 Death Channel            Necr           ########..   0%          6
 Dispersal                Tloc           ########..   0%          6
 Freezing Cloud           Conj/Ice/Air   ########..   0%          6
 Hydra Form               Tmut           ########..   0%          6
 Iron Shot                Conj/Erth      ########..   0%          6
 Ozocubu's Refrigeration  Ice            ########..   0%          6
 Simulacrum               Ice/Necr       ########..   0%          6
 Starburst                Conj/Fire      ########..   0%          6
 Statue Form              Tmut/Erth      ########.    0%          6
 Dragon Form              Tmut           ########..   0%          7
 Borgnjor's Revivificati  Necr           ########..   0%          8
 Chain Lightning          Conj/Air       ########..   0%          8
 Disjunction              Tloc           ########..   0%          8
 Infestation              Necr           ########..   0%          8
 Olgreb's Toxic Radiance  Pois           #####...     1%          4
 Eringya's Noxious Bog    Tmut/Pois      #######...   1%          6
 Haunt                    Necr/Summ      #######...   1%          7
 Malign Gateway           Summ/Tloc      #######...   1%          7
 Spellforged Servitor     Conj/Summ      #######...   1%          7
 Cause Fear               Hex            #####.....   2%          4
 Summon Demon             Summ           #####.....   7%          5
 Summon Mana Viper        Hex/Summ       #####...     7%          5
 Invisibility             Hex            #####...     36%         6
 Shadow Creatures         Summ           N/A          36%         6
 Monstrous Menagerie      Summ           #####.....   92%         7
 Summon Greater Demon     Summ           #####.....   92%         7
 Summon Hydra             Summ           #####.....   92%         7
 Discord                  Hex            #####.....   100%        8
 Summon Horrible Things   Summ           #####.....   100%        8
 Dragon's Call            Summ           #####.....   100%        9


Dungeon Overview and Level Annotations

Branches:
Dungeon (15/15)            Temple (1/1) D:4            Lair (6/6) D:9
  Swamp (4/4) Lair:4       Shoals (4/4) Lair:4        Slime (5/5) Lair:6
    Orc (2/2) D:11            Elf (3/3) Orc:2        Vaults (5/5) D:14
  Crypt (3/3) Vaults:2       Tomb (3/3) Crypt:3      Depths (5/5) D:15
   Hell (visited)             Dis (7/7) Hell            Geh (7/7) Hell
    Coc (7/7) Hell            Tar (7/7) Hell            Zot (5/5) Depths:5
  Sewer (visited)           IceCv (visited)

Altars:
Ashenzari
Cheibriados
Dithmenos
Elyvilon
Gozag
Hepliaklqana
Kikubaaqudgha
Makhleb
Okawaru
Qazlal
Ru
Sif Muna
Vehumet
Wu Jian
Xom
Yredelemnul
Zin
The Shining One
Beogh
Jiyva

Shops:
D:4 *(((   D:8 *   D:10 ?   D:14 [   Orc:2 }?[!   Elf:3 [   Shoals:3 :*

Portals:
Hell: Depths:1 Depths:2 Depths:3
Abyss: Depths:3
Pandemonium: Depths:3 Depths:4
Trove: Depths:1 (give 9 potions of haste)

Annotations:
D:8 3 runed translucent doors, MoonlitKnight's ghost, novice HOMo
D:15 Boris
Shoals:3 exclusion: obsidian statue, Tuixi's ghost, adept DrEE
Elf:2 3 runed translucent doors


Innate Abilities, Weirdness & Mutations

You are dopey. (Int -2)
Your flesh is heat resistant. (rF+)
Your natural rate of healing is unusually fast.
You are covered in fur. (AC +1)
You are resistant to electric shocks. (rElec)
Your muscles are strong. (Str +2)
Your spells are a little easier to cast, but a little less powerful.


Message History

There is a stone staircase leading up here.
You fly upwards.
There is a stone staircase leading down here.
(D) Dungeon (T) Temple (L) Lair (S) Swamp (A) Shoals (M) Slime Pits (O) Orcish Mines (E) Elven Halls (V) Vaults (C) Crypt (W) Tomb (U) Depths (H) Hell (I) Dis (G) Gehenna (X) Cocytus (Y) Tartarus (Z) Zot
Where to? (Enter - D:1, ? - help)
You see here a stone.
There is a stone staircase leading up here.
You fly upwards.
There is a stone staircase leading down here.
There is a stone staircase leading up here.
You fly upwards.
There is a stone staircase leading down here.
You see here a cursed -2 dagger.
There is a staircase leading out of the dungeon here.
Okay, then.
You have escaped!

#.#.##########.######.......
#.#.........[.........##..##
#.############.#####......#
#####♣#### #.# #.####.#
##.......## #.# #.# #.##
##.#######.# #.# #.# #...
##.##....♣#.♣ #.# #.# ####
#.##.###.##.####.# #.#
#.#..#♣#.#.##@##.# #.# ####
#.#.#....#.#..#..#####.####...
♣.#.#.#♣#..#.##...........).##
#.#.#.###.##.#...#####.######
#.#.##...##.##...# #.#
####.##.#####.##.#### #.#
...##.##.....##.### #.#
##.###.#######.##.#######.#
#.# ##.......###.......#.#


There were no monsters in sight!

Vanquished Creatures
  Cerebov (Pan)
  Antaeus (Coc:7)
  Asmodeus (Geh:7)
  Ereshkigal (Tar:7)
  Gloorx Vloq (Pan)
  the Royal Jelly (Slime:5)
  the Serpent of Hell (Coc:7)
  Lom Lobon (Pan)
  A seraph (Pan)
  Mnoleg (Pan)
  Dispater (Dis:7)
  39 orbs of fire
  Khufu (Crypt:1)
  49 pandemonium lords
  Mennas (Tomb:3)
  9 juggernauts
  51 ancient liches
  The ghost of emiel the Executioner, a veteran MiDe of Cheibriados (Zig:9)
  76 greater mummies
  39 shard shrikes
  Boris (twice) (Vaults:2 Depths:5)
  24 Killer Klowns
  the Lernaean hydra (Swamp:4)
  7 curse toes
  24 caustic shrikes
  Geryon (Hell)
  56 golden dragons
  A golden dragon (shapeshifter) (Vaults:5)
  6 profane servitors
  Nikola (Shoals:2)
  A doom hound (Tar:6)
  6 electric golems
  27 Tzitzimimeh
  35 bone dragons
  13 iron giants
  67 Ice Fiends
  23 Brimstone Fiends
  25 hellephants
  83 tentacled monstrosities
  32 liches
  22 Hell Sentinels
  3 deep elf blademasters
  13 quicksilver dragons
  34 titans
  20 Orb Guardians (Zot:5)
  2 quicksilver dragons (shapeshifter) (Zig:22)
  7 deep elf master archers
  3 eldritch tentacles
  9 death cobs
  Polyphemus (Shoals:3)
  142 acid blobs
  17 tentacled starspawn
  40 ancient champions
  27 Executioners
  2 thorn hunters
  9 tengu reavers
  2 krakens
  4 shadow dragons (shapeshifter)
  16 storm dragons
  33 sphinxes
  Donald (Swamp:4)
  29 draconian monks
  17 shadow dragons
  Roxanne (Elf:3)
  53 azure jellies
  4 daevas
  2 azure jellies (shapeshifter)
  A fire giant (shapeshifter) (Zig:12)
  Ilsuiw (Shoals:3)
  4 fenstrider witches
  38 fire giants
  35 revenants
  69 balrugs
  99 nagarajas
  11 deep elf sorcerers
  13 iron dragons
  4 caustic shrike zombies
  Louise (Elf:2)
  36 ghost moths
  36 cacodemons
  43 frost giants
  A frost giant (shapeshifter) (Zig:22)
  3 emperor scorpions (shapeshifter)
  66 draconian knights
  16 vault wardens
  47 draconian shifters
  61 orc warlords
  19 angels (Pan)
  6 ghouls (Zig:25)
  A ghost moth (shapeshifter) (Zig:11)
  7 deep elf elementalists
  The ghost of Kaive the Fighter, a journeyman MiFi of Okawaru (Lair:5)
  43 draconian scorchers
  39 draconian annihilators
  52 draconian stormcallers
  14 juggernaut zombies
  24 curse skulls
  8 caustic shrike skeletons
  17 emperor scorpions
  44 stone giants
  23 warmongers
  87 reapers
  2 elemental wellsprings (Coc:7)
  13 entropy weavers
  22 ironheart preservers
  24 war gargoyles
  25 blood saints
  24 bennus
  21 very ugly things
  13 ophanim
  12 deep elf demonologists
  33 vampire knights
  26 black suns
  8 apis (Pan)
  4 stone giants (shapeshifter)
  6 juggernaut skeletons
  28 red draconians
  2 dire elephants (shapeshifter)
  28 green draconians
  18 lorocyprocas
  24 dire elephants
  23 yellow draconians
  26 purple draconians
  25 corrupters
  4 spark wasps
  25 white draconians
  15 deep elf annihilators
  23 black draconians
  18 bunyips
  3 eleionomae (shapeshifter) (Zig:22)
  28 eleionomae
  16 deep elf death magi
  Snorg (D:13)
  72 blizzard demons
  38 eidola
  26 death oozes
  4 crystal guardians
  33 merfolk javelineers
  59 green deaths
  17 ettins
  12 merfolk impalers
  10 jiangshi
  31 shambling mangroves
  11 deep elf high priests
  A kraken zombie (Coc:1)
  80 mummy priests
  A great orb of eyes (shapeshifter) (Zig:22)
  35 great orbs of eyes
  27 vault guards
  22 yaktaur captains
  40 fire dragons
  10 rakshasas
  15 naga warriors
  2 boulder beetles (shapeshifter)
  106 starcursed masses
  2 caustic shrike simulacra
  12 hell beasts
  130 hydras
  4 monstrous demonspawn
  9 quicksilver dragon zombies
  Fannar (Lair:2)
  A catoblepas (shapeshifter) (Zig:12)
  Erolcha (Orc:2)
  8 spriggan air magi
  15 ghost crabs
  A hydra (shapeshifter) (Depths:1)
  67 ice dragons
  4 quicksilver dragon skeletons
  A juggernaut simulacrum (Zig:20)
  7 death knights
  12 boulder beetles
  17 anacondas
  19 catoblepae
  14 alligator snapping turtles
  7 centaur warriors
  12 merfolk aquamancers
  19 dancing weapons
  5 merfolk avatars
  4 tengu warriors
  45 two-headed ogres
  22 alligators
  10 death yaks
  67 death scarabs
  An alligator (shapeshifter) (Zig:22)
  9 deep troll earth magi
  12 titan zombies
  6 satyrs
  A death yak (shapeshifter) (Zig:22)
  A queen ant (shapeshifter) (Zig:26)
  22 ogre magi
  3 two-headed ogres (shapeshifter)
  62 orc high priests
  25 vampire magi
  29 naga sharpshooters
  12 deep troll shamans
  5 spriggan berserkers
  10 storm dragon zombies
  19 shock serpents
  19 thrashing horrors
  A goliath frog (shapeshifter) (Zig:11)
  18 hell hogs
  Sonja (Lair:6)
  48 soul eaters
  31 sun demons
  18 deep elf knights
  32 wretched stars
  21 goliath frogs
  34 hell knights
  4 iron golems
  9 titan skeletons
  12 spatial maelstroms
  14 shadow wraiths
  2 iron trolls (shapeshifter)
  2 fire crabs (shapeshifter)
  4 storm dragon skeletons
  7 salamander mystics
  14 anaconda zombies
  38 death drakes
  37 iron trolls
  10 cherubim
  24 fire crabs
  9 unseen horrors
  83 skeletal warriors
  25 deep trolls
  23 sea snakes
  12 sixfirhies
  13 golden dragon zombies
  11 glowing orange brains
  2 glowing orange brains (shapeshifter)
  2 deep trolls (shapeshifter)
  A quicksilver dragon simulacrum (Zig:27)
  24 shadow demons
  2 orange crystal statues
  32 spriggan druids
  6 gelid demonspawn
  6 wizards
  11 flayed ghosts
  A death drake (shapeshifter) (Zig:5)
  6 tengu zombies
  8 torturous demonspawn
  13 ironbrand convokers
  2 obsidian statues
  15 bog bodies
  65 swamp dragons
  An anaconda skeleton (Coc:7)
  19 phantasmal warriors
  A kraken simulacrum (Hell)
  12 naga ritualists
  2 infernal demonspawn
  4 wolf spider zombies
  26 harpies
  19 deep elf archers
  2 sphinx zombies
  4 lindwurms
  63 orc sorcerers
  13 shadow dragon zombies
  3 mana vipers (shapeshifter)
  16 necromancers
  43 oklob plants
  10 shadow dragon skeletons
  8 tengu skeletons
  7 iron dragon zombies
  15 orb spiders
  7 golden dragon skeletons
  36 ugly things
  15 mana vipers
  22 manticores
  10 sphinx skeletons
  5 frost giant zombies
  18 wolf spiders
  85 deep elf magi
  A draconian (Zot:1)
  14 will-o-the-wisps
  5 fire giant zombies
  3 shining eyes (shapeshifter)
  A glowing shapeshifter (Zig:27)
  66 moths of wrath
  38 orc knights
  44 shining eyes
  24 fauns
  9 salamanders
  3 moths of wrath (shapeshifter)
  3 shock serpent zombies
  9 stone giant zombies
  7 worldbinders
  13 cyclopes
  24 elephants
  165 slime creatures
  A faun (shapeshifter) (Zig:27)
  31 guardian serpents
  3 dire elephant zombies
  3 iron dragon skeletons
  4 frost giant skeletons
  A black mamba (shapeshifter) (Zig:27)
  10 ice statues
  76 large abominations
  4 fire giant skeletons
  12 merfolk sirens
  3 molten gargoyles (Geh:7)
  41 rust devils
  16 vault sentinels
  4 stone giant skeletons
  72 black mambas
  27 naga magi
  22 smoke demons
  3 water nymphs (shapeshifter)
  2 torpor snails (shapeshifter) (Zig:27)
  16 apocalypse crabs
  An eye of devastation (shapeshifter) (Zig:26)
  14 eyes of devastation
  3 gargoyles
  10 spectral swamp worms
  6 torpor snails
  13 orange demons
  12 water nymphs
  2 emperor scorpion zombies
  30 cane toads
  A rime drake (shapeshifter) (Zig:8)
  A storm dragon simulacrum (Vaults:3)
  32 rime drakes
  4 yaktaurs (shapeshifter)
  51 hellions
  2 yaktaur zombies
  30 komodo dragons
  A kobold demonologist (D:15)
  58 freezing wraiths
  2 spark wasp simulacra
  28 efreet
  64 yaktaurs
  9 hellwings
  74 tormentors
  145 guardian mummies
  2 catoblepas skeletons (Geh:7)
  3 komodo dragons (shapeshifter)
  26 ancient zymes
  16 demonic crawlers
  27 trolls
  71 ice devils
  A minotaur skeleton (Geh:7)
  36 red devils
  A death yak skeleton (Crypt:1)
  14 jumping spiders
  A troll (shapeshifter) (D:14)
  33 small abominations
  49 merfolk
  3 golden dragon simulacra
  4 harpy zombies
  2 jumping spiders (shapeshifter) (Zig:27)
  6 bloated husks
  2 merfolk (shapeshifter)
  13 hydra zombies
  A shadow dragon simulacrum (Zig:25)
  14 tyrant leeches
  3 wind drakes (shapeshifter) (Vaults:3)
  22 wind drakes
  2 sphinx simulacra
  3 alligator zombies
  4 harpy skeletons
  66 hornets
  14 snapping turtles
  10 polar bears
  27 blink frogs
  4 hydra skeletons
  14 dream sheep
  3 fire dragon zombies
  3 iron dragon simulacra
  26 raiju
  3 snapping turtles (shapeshifter)
  12 spriggan zombies
  5 ettin zombies
  A black mamba zombie (Geh:7)
  A fire giant simulacrum (Vaults:2)
  A deep troll zombie (Zig:2)
  4 ice dragon zombies
  139 flying skulls
  24 elf skeletons
  5 air elementals
  13 shadows
  16 redbacks
  2 redbacks (shapeshifter)
  19 spriggans
  2 ice dragon skeletons
  46 yaks
  3 ettin skeletons
  A tarantella (shapeshifter) (Zig:27)
  48 wraiths
  11 wyverns
  2 vampires
  2 fire dragon skeletons
  3 spriggan skeletons
  27 water elementals
  An alligator skeleton (Coc:7)
  4 spriggan simulacra
  Sigmund (D:3)
  A tyrant leech zombie (Crypt:2)
  57 ushabtiu
  A yak (shapeshifter) (Zig:7)
  29 ynoxinuls
  2 hogs (shapeshifter)
  16 tarantellas
  A black mamba skeleton (Dis:2)
  9 basilisks
  16 golden eyes
  58 fire elementals
  14 vampire mosquitoes
  18 chaos spawn
  A basilisk (shapeshifter) (Elf:1)
  5 fire bats
  8 humans (D:14)
  26 neqoxecs
  28 nagas
  3 spatial vortices (Abyss:1)
  2 soldier ants (shapeshifter)
  An insubstantial wisp (Zig:18)
  28 wargs
  20 swamp worms
  A yaktaur simulacrum (Vaults:2)
  A swamp worm (shapeshifter) (Zig:13)
  A soldier ant (D:12)
  5 cane toad zombies
  8 floating eyes
  3 acid dragons
  3 hydra simulacra
  72 hell hounds
  A floating eye (shapeshifter) (Zig:13)
  12 swamp drakes
  43 water moccasins
  A human skeleton (Zig:2)
  4 cane toad skeletons
  42 eyes of draining
  44 ice beasts
  99 ogres
  145 orc warriors
  2 sky beasts (D:12)
  5 snapping turtle zombies
  2 swamp dragon zombies
  An alligator simulacrum (Hell)
  7 phantoms
  32 elf zombies
  An ogre (shapeshifter) (Zig:22)
  3 black bears
  A boulder beetle simulacrum (Vaults:1)
  3 boggarts (Vaults:3)
  18 centaurs
  A manticore skeleton (Coc:1)
  A manticore zombie (Dis:6)
  A swamp dragon skeleton (Geh:2)
  12 necrophages
  32 wolves
  2 snapping turtle skeletons
  5 big kobolds
  21 bullfrogs
  A big kobold (shapeshifter) (Vaults:5)
  6 elf simulacra
  2 earth elementals
  8 gnoll sergeants
  2 human simulacra
  A cane toad simulacrum (Hell)
  2 glowing shapeshifter simulacra
  2 wyvern skeletons
  4 scorpions
  A water moccasin skeleton (D:5)
  23 killer bees
  A troll skeleton (Tar:2)
  60 wights
  3 electric eels (D:9)
  4 howler monkeys
  13 crimson imps
  3 jellies
  2 bullfrog zombies
  35 iron imps
  12 hounds
  28 orc priests
  62 orc wizards
  A bullfrog skeleton (D:9)
  Jessica (D:3)
  A gnoll shaman (Zig:13)
  3 centaur skeletons
  9 worker ants
  2 iguanas
  2 lightning spires (Zig:27)
  A killer bee zombie (D:8)
  A felid zombie (Crypt:2)
  An acid dragon skeleton (Crypt:1)
  A deep dwarf skeleton (Crypt:2)
  A hound skeleton (D:11)
  202 mummies
  11 gnolls
  A howler monkey skeleton (Crypt:1)
  3 adders
  6 shadow imps
  23 white imps
  5 ufetubi
  5 oozes (Sewer)
  2 adder zombies
  A worm (shapeshifter) (Depths:2)
  5 worms
  16 ball lightnings
  A barachi zombie (Crypt:2)
  3 dart slugs
  11 leopard geckos
  76 orcs
  4 giant cockroaches
  9 goblins
  11 hobgoblins
  13 jackals
  6 quokkas
  4 ball pythons
  12 bats
  14 frilled lizards
  10 kobolds
  A kobold skeleton (Dis:1)
  A kobold zombie (Dis:4)
  An orc zombie (Geh:7)
  9 rats
  24 blocks of ice
  10 briar patches (Zig:21)
  A bush (Lair:4)
  5 crawling corpses
  253 fire vortices
  2 lurking horrors (Abyss:1)
  4 plants (Zig:25)
  2 starspawn tentacles
  3 tentacles
9701 creatures vanquished.

Vanquished Creatures (collateral kills)
  An ancient lich (Zot:5)
  3 greater mummies
  A Killer Klown (Zot:5)
  2 shard shrikes (Zig:27)
  A golden dragon (Zig:26)
  A lich (Zig:20)
  A Tzitzimitl (Zig:26)
  An Ice Fiend (Zig:11)
  A tentacled monstrosity (Zig:23)
  A hellephant (Zig:27)
  6 acid blobs
  An ancient champion (Zig:15)
  A tentacled starspawn (Zig:9)
  A storm dragon (Zot:4)
  A draconian monk (Zig:17)
  A frost giant (Zig:27)
  An azure jelly (Slime:5)
  An orc warlord (Zig:16)
  A blood saint (Zig:25)
  A vault warden (Zig:27)
  A fire giant (Zig:24)
  A draconian knight (Zig:25)
  An emperor scorpion (Zig:27)
  2 juggernaut zombies
  2 draconian stormcallers
  A reaper (Zig:17)
  An ironheart preserver (Zig:27)
  A stone giant (Zig:19)
  A black sun (Zig:9)
  2 black draconians
  An apis (Pan)
  An entropy weaver (Zig:27)
  2 purple draconians
  A fire dragon (Zig:24)
  A shambling mangrove (Zig:23)
  2 ice dragons
  A hell beast (Zig:24)
  A catoblepas (Zig:27)
  A boulder beetle (Zig:27)
  A naga sharpshooter (Zig:19)
  A wretched star (Zig:20)
  A tengu zombie (Zig:17)
  2 deep elf magi
  A necromancer (Zig:26)
  An iron dragon zombie (Zig:24)
  A manticore (Zig:23)
  2 slime creatures
  A moth of wrath (Zot:5)
  A stone giant zombie (Zig:8)
  2 iron dragon skeletons
  A guardian serpent (Zig:26)
  A fire giant skeleton (Zig:3)
  A smoke demon (Pan)
  2 yaktaurs
  A hellion (Geh:7)
  2 guardian mummies
  A hellwing (Zig:24)
  A hydra zombie (Hell)
  A hornet (Zig:5)
  A raiju (Zig:18)
  A blink frog (Zig:27)
  An ice dragon zombie (Geh:1)
  25 starcursed masses
  A flying skull (Zig:14)
  A wraith (Zig:14)
  2 ynoxinuls
  An elf zombie (Zig:20)
  2 large abominations
  A golden eye (shapeshifter) (Zig:22)
  3 golden eyes
  A neqoxec (Zig:20)
  2 nagas
  3 wargs
  2 floating eyes
  An orc warrior (Vaults:4)
  An alligator simulacrum (Coc:7)
  2 ice beasts (Zig:25)
  An eye of draining (Zig:25)
  2 ogres
  A boggart (Vaults:3)
  A jelly (shapeshifter) (Zig:27)
  13 mummies
  A white imp (Zig:24)
  A ball lightning (Zig:22)
  An orc (Vaults:4)
  A briar patch (Zig:21)
  A crawling corpse (Zig:16)
  A foxfire (D:8)
  A plant (Zig:19)
153 creatures vanquished.

Vanquished Creatures (others)
  A tentacled monstrosity (Zig:23)
  An acid blob (shapeshifter) (Zig:22)
  A balrug (Zig:17)
  A reaper (Pan)
  A blood saint (Zig:24)
  A black draconian (Zig:12)
  An eleionoma (Zig:23)
  A shambling mangrove (Zig:23)
  A soul eater (Pan)
  A sixfirhy (Zig:26)
  A spatial maelstrom (Zig:18)
  A death drake (Zig:23)
  A swamp dragon (Zig:23)
  A fire giant zombie (Geh:7)
  2 centaur skeletons
  A tormentor (Zig:26)
  A spriggan zombie (Zig:24)
  3 bloated husks
  A tyrant leech (Zig:23)
  A harpy skeleton (Geh:7)
  2 shadows
  A wraith (Geh:1)
  A human (D:14)
  A golden eye (Zig:18)
  A chaos spawn (Zig:22)
  An insubstantial wisp (Zig:18)
  A swamp drake (Zig:15)
  A necrophage (Geh:1)
  A bullfrog skeleton (D:11)
  A human skeleton (Geh:4)
  A naga skeleton (Geh:1)
  A worker ant zombie (D:11)
  5 ball lightnings
  An orc (D:11)
  13 blocks of ice
  7 briar patches (Zig:21)
  2623 fire vortices
  1262 foxfires
  59 fungi
  284 plants
  7 starspawn tentacles
  13 tentacles
4310 creatures vanquished.

Grand Total: 14164 creatures vanquished

Notes
Turn   | Place    | Note
-------+----------+-------------------------------------------
     0 | D:1      | Megustar the Deep Elf Fire Elementalist began the quest for
                  | the Orb.
     0 | D:1      | Reached XP level 1. HP: 10/10 MP: 6/6
   227 | D:1      | Reached XP level 2. HP: 15/15 MP: 4/8
   880 | D:1      | Reached XP level 3. HP: 17/19 MP: 10/10
   885 | D:1      | Learned a level 3 spell: Conjure Flame
  1850 | D:2      | Reached XP level 4. HP: 24/24 MP: 1/11
  2391 | D:3      | Noticed Sigmund
  2410 | D:3      | Killed Sigmund
  2410 | D:3      | Reached skill level 5 in Fire Magic
  2410 | D:3      | Reached XP level 5. HP: 28/28 MP: 5/14
  2418 | D:3      | Learned a level 4 spell: Sticky Flame
  2424 | D:3      | Learned a level 5 spell: Fireball
  2449 | D:3      | Found a glowing drain.
  2465 | Sewer    | Entered a sewer
  2728 | Sewer    | Reached XP level 6. HP: 32/32 MP: 12/15
  3548 | D:3      | Noticed Jessica
  3554 | D:3      | Killed Jessica
  3554 | D:3      | Reached skill level 5 in Spellcasting
  4143 | D:4      | Found a staircase to the Ecumenical Temple.
  4155 | Temple   | Entered the Ecumenical Temple
  4158 | Temple   | Became a worshipper of Vehumet
  4482 | D:4      | Reached XP level 7. HP: 36/36 MP: 8/17
  4571 | D:4      | Found Tadyg's Weapon Shop.
  4590 | D:4      | Got an ichor-stained trident
  4601 | D:4      | Found Ting's General Store.
  4803 | D:4      | Found Qoras's Weapon Emporium.
  4915 | D:4      | Found Tucvycs's Antique Weapon Boutique.
  5156 | D:5      | Entered Level 5 of the Dungeon
  5281 | D:5      | Identified the +6 trident "Death Rattle" {freeze, rPois}
                  | (You found it on level 4 of the Dungeon)
  5677 | D:5      | Reached * piety under Vehumet
  5677 | D:5      | Offered knowledge of Sandblast by Vehumet.
  5954 | D:5      | Reached skill level 5 in Conjurations
  6264 | D:6      | Reached XP level 8. HP: 41/41 MP: 11/19
  6714 | D:6      | Found a sacrificial altar of Ru.
  7577 | D:7      | Reached skill level 1 in Fighting
  7699 | D:8      | Got a pair of polished boots
  7720 | D:8      | Found Moamif's Assorted Antiques.
  7734 | D:8      | Identified the +1 pair of boots of Limitation {-Tele rN+++
                  | Str-2 Int+4} (You found it on level 8 of the Dungeon)
  7779 | D:8      | Bought 3 scrolls labelled LALIRGHABA for 96 gold pieces
  7779 | D:8      | Bought a scroll of identify for 64 gold pieces
  7779 | D:8      | Bought 3 scrolls of identify for 192 gold pieces
  7779 | D:8      | Bought 2 fuming ruby potions for 57 gold pieces
  8079 | D:8      | Offered knowledge of Magic Dart by Vehumet.
  8082 | D:8      | Reached ** piety under Vehumet
  8086 | D:8      | Learned a level 1 spell: Magic Dart
  8256 | D:8      | Reached XP level 9. HP: 48/48 MP: 17/22
  8482 | D:8      | Found a runed translucent gate.
  8482 | D:8      | Found a runed translucent gate.
  8483 | D:8      | Noticed a ten-headed hydra
  8536 | D:8      | Noticed MoonlitKnight's ghost (novice HOMo)
  8537 | D:8      | Found a runed translucent gate.
  9556 | D:9      | Reached skill level 10 in Fire Magic
  9563 | D:9      | Offered knowledge of Ignite Poison by Vehumet.
  9642 | D:9      | Found a glowing silver altar of Zin.
 10511 | D:9      | Noticed a troll
 10525 | D:9      | Reached *** piety under Vehumet
 10525 | D:9      | Killed a troll
 10525 | D:9      | Reached skill level 5 in Dodging
 10537 | D:9      | Reached XP level 10. HP: 45/53 MP: 9/25
 10850 | D:9      | Found a staircase to the Lair.
 11268 | D:10     | Entered Level 10 of the Dungeon
 11442 | D:10     | Found Porchet's Magic Scroll Shop.
 11445 | D:10     | Offered knowledge of Fulminant Prism by Vehumet.
 11600 | D:10     | Bought a scroll of fog for 34 gold pieces
 11600 | D:10     | Bought a scroll of identify for 34 gold pieces
 11600 | D:10     | Bought a scroll of identify for 34 gold pieces
 11600 | D:10     | Bought a scroll of blinking for 127 gold pieces
 12003 | D:10     | Reached skill level 10 in Spellcasting
 12250 | D:11     | Noticed a manticore
 12252 | D:11     | Killed an unseen horror
 12526 | D:11     | Reached **** piety under Vehumet
 12613 | D:11     | Noticed a fire giant
 12894 | D:11     | Killed a manticore
 12894 | D:11     | Offered knowledge of Mephitic Cloud by Vehumet.
 13021 | D:10     | Learned a level 3 spell: Mephitic Cloud
 13297 | D:11     | Reached XP level 11. HP: 57/57 MP: 27/27
 13506 | D:11     | Found a staircase to the Orcish Mines.
 13990 | D:11     | Noticed a death knight
 14528 | D:11     | Found a snail-covered altar of Cheibriados.
 14578 | D:11     | Killed a death knight
 14578 | D:11     | Reached skill level 1 in Evocations
 14690 | D:11     | You fall into a shaft and drop 2 floors!
 14836 | D:13     | Noticed a wizard
 14845 | D:13     | Killed a wizard
 15718 | D:12     | Noticed a five-headed hydra
 15722 | D:12     | Killed a five-headed hydra
 15722 | D:12     | Reached skill level 10 in Conjurations
 15855 | D:12     | Reached ***** piety under Vehumet
 15934 | D:12     | Killed an unseen horror
 16291 | D:12     | Killed an unseen horror
 16291 | D:12     | Reached XP level 12. HP: 59/62 MP: 25/30
 16377 | D:12     | Offered knowledge of Iron Shot by Vehumet.
 16377 | D:12     | Noticed a boulder beetle
 16634 | D:12     | Killed a boulder beetle
 17429 | D:13     | Reached skill level 15 in Fire Magic
 17433 | D:13     | Noticed Snorg
 17619 | D:13     | Noticed a four-headed hydra
 17782 | D:13     | Learned a level 6 spell: Iron Shot
 17844 | D:13     | Reached skill level 5 in Evocations
 18153 | D:13     | Killed Snorg
 18154 | D:13     | Noticed a seven-headed hydra
 18276 | D:13     | Killed a four-headed hydra
 18344 | D:13     | Killed a seven-headed hydra
 19465 | D:14     | Reached XP level 13. HP: 70/70 MP: 5/32
 19792 | Orc:1    | Entered Level 1 of the Orcish Mines
 19979 | Orc:2    | Entered Level 2 of the Orcish Mines
 19979 | Orc:2    | Found a roughly hewn altar of Beogh.
 20130 | Orc:2    | Found a staircase to the Elven Halls.
 20336 | Orc:2    | Offered knowledge of Irradiate by Vehumet.
 21402 | Orc:2    | Noticed Erolcha
 21754 | Orc:2    | Found Ren Xieg's Gadget Shoppe.
 21773 | Orc:2    | Found Memui's Magic Scroll Emporium.
 21781 | Orc:2    | Bought a scroll of immolation for 56 gold pieces
 21781 | Orc:2    | Bought a scroll of identify for 32 gold pieces
 21781 | Orc:2    | Bought a scroll of teleportation for 48 gold pieces
 21781 | Orc:2    | Bought a scroll of blinking for 120 gold pieces
 21781 | Orc:2    | Bought a scroll of summoning for 152 gold pieces
 21781 | Orc:2    | Bought a scroll of teleportation for 48 gold pieces
 21805 | Orc:2    | Killed Erolcha
 21844 | Orc:2    | Found a radiant altar of Vehumet.
 22006 | Orc:2    | Found an ancient bone altar of Kikubaaqudgha.
 22053 | Orc:2    | Found Fedujef's Antique Armour Emporium.
 22053 | Orc:2    | Found a roughly hewn altar of Beogh.
 22104 | Orc:2    | Found Vuele's Distillery.
 22116 | Orc:2    | Bought a potion of curing for 54 gold pieces
 22116 | Orc:2    | Bought a potion of heal wounds for 90 gold pieces
 22116 | Orc:2    | Bought a potion of mutation for 144 gold pieces
 22116 | Orc:2    | Bought a potion of curing for 54 gold pieces
 22116 | Orc:2    | Bought a potion of invisibility for 144 gold pieces
 22116 | Orc:2    | Bought a potion of might for 72 gold pieces
 22441 | D:10     | Killed a fire giant
 22586 | Lair:1   | Entered Level 1 of the Lair of Beasts
 22671 | Lair:1   | Reached skill level 1 in Earth Magic
 22690 | Lair:1   | Found a frozen archway.
 22746 | IceCv    | Entered an ice cave
 23387 | IceCv    | Got an ancient bronze amulet
 23554 | Lair:1   | Reached XP level 14. HP: 76/76 MP: 34/34
 23676 | Lair:1   | Learned a level 8 spell: Ignition
 24304 | Lair:2   | Noticed Fannar
 24315 | Lair:2   | Killed Fannar
 24708 | Lair:2   | Offered knowledge of Bolt of Magma by Vehumet.
 24717 | Lair:2   | Learned a level 5 spell: Bolt of Magma
 25871 | Lair:3   | Identified the amulet of Happiness {Inacc rF- Str+2 Int+3
                  | Dex+5} (You found it in an ice cave)
 27542 | Lair:4   | Found a staircase to the Swamp.
 27839 | Lair:4   | Found a staircase to the Shoals.
 28143 | Lair:5   | Found a transporter.
 28182 | Lair:5   | Reached skill level 15 in Spellcasting
 28185 | Lair:5   | Offered knowledge of Freezing Cloud by Vehumet.
 28194 | Lair:5   | Learned a level 6 spell: Freezing Cloud
 28341 | Lair:5   | Noticed Kaive's ghost (journeyman MiFi)
 28364 | Lair:5   | Found a transporter.
 28387 | Lair:5   | Got a dazzling leather armour
 28454 | Lair:5   | Got a faintly glowing robe
 28493 | Lair:5   | Identified the +1 robe of Doomed Knowledge {rN+ Dex+4} (You
                  | found it on level 5 of the Lair of Beasts)
 28993 | Lair:6   | Entered Level 6 of the Lair of Beasts
 29025 | Lair:6   | Reached skill level 10 in Dodging
 29289 | Lair:6   | Reached skill level 1 in Ice Magic
 29290 | Lair:6   | Reached XP level 15. HP: 80/80 MP: 35/36
 29348 | Lair:6   | Identified the +1 leather armour "Diriff" {Dex+2 SInv} (You
                  | found it on level 5 of the Lair of Beasts)
 29403 | Lair:6   | Noticed Sonja
 29404 | Lair:6   | Killed Sonja
 29404 | Lair:6   | Reached skill level 1 in Air Magic
 29626 | Lair:6   | Found a staircase to the Slime Pits.
 31778 | D:14     | Found Muuw's Antique Armour Emporium.
 32209 | D:14     | Noticed a tengu reaver
 32480 | D:14     | Found a gate to the Vaults.
 32896 | Shoals:1 | Entered Level 1 of the Shoals
 32910 | Shoals:1 | Offered knowledge of Ozocubu's Refrigeration by Vehumet.
 33258 | D:11     | Identified a scroll of acquirement
 33258 | D:11     | Acquired 662 gold pieces
 33829 | Shoals:1 | Reached skill level 1 in Shields
 34568 | Shoals:1 | Acquired 825 gold pieces
 34676 | Shoals:2 | Reached XP level 16. HP: 84/84 MP: 37/37
 34678 | Shoals:2 | Noticed Nikola
 34685 | Shoals:2 | Killed Nikola
 35563 | Shoals:2 | Reached skill level 10 in Evocations
 35693 | Shoals:2 | Noticed a kraken
 35708 | Shoals:2 | Killed a kraken
 36146 | Shoals:3 | Found a runed translucent gate.
 36165 | Shoals:3 | Noticed Polyphemus
 36171 | Shoals:3 | Killed Polyphemus
 36531 | Shoals:3 | Found Odeetotter's Book Boutique.
 36558 | Shoals:3 | Noticed Ilsuiw
 36561 | Shoals:3 | Killed Ilsuiw
 36605 | Shoals:3 | Found a runed translucent gate.
 36606 | Shoals:3 | Found a runed translucent gate.
 36606 | Shoals:3 | Found an opulent altar of Gozag.
 36611 | Shoals:3 | Noticed Tuixi's ghost (adept DrEE)
 36613 | Shoals:3 | Found Zunafose's Assorted Antiques.
 36877 | Shoals:4 | Entered Level 4 of the Shoals
 37322 | Shoals:4 | Identified the Volume of Venomous Summoning
 38021 | Shoals:4 | Got a barnacled rune of Zot
 38079 | Shoals:4 | Reached ****** piety under Vehumet
 38778 | Swamp:1  | Entered Level 1 of the Swamp
 38780 | Swamp:1  | Offered knowledge of Iskenderun's Battlesphere by Vehumet.
 38784 | Swamp:1  | Reached XP level 17. HP: 88/88 MP: 21/40
 38929 | Swamp:1  | Learned a level 5 spell: Iskenderun's Battlesphere
 38931 | Swamp:1  | Learned a level 1 spell: Shock
 40058 | Swamp:2  | Found a shimmering altar of Xom.
 40077 | Swamp:2  | Reached skill level 15 in Conjurations
 40180 | Swamp:2  | Identified the +6 broad axe of Bloody Death {drain, rF+
                  | rC+} (You found it on level 2 of the Swamp)
 40207 | Swamp:2  | You fall into a shaft and drop 1 floor!
 40871 | Swamp:4  | Entered Level 4 of the Swamp
 40883 | Swamp:4  | Offered knowledge of Conjure Ball Lightning by Vehumet.
 41083 | Swamp:4  | Noticed Donald
 41086 | Swamp:4  | Killed Donald
 41782 | Swamp:4  | Noticed the 27-headed Lernaean hydra
 42092 | Swamp:4  | Killed the 27-headed Lernaean hydra
 42117 | Swamp:4  | Got a decaying rune of Zot
 42493 | Elf:1    | Entered Level 1 of the Elven Halls
 42773 | Elf:1    | Reached XP level 18. HP: 94/94 MP: 43/43
 43728 | Elf:2    | Found a runed translucent gate.
 43728 | Elf:2    | Found a runed translucent gate.
 43748 | Elf:2    | Found a runed translucent gate.
 43951 | Elf:2    | Noticed Louise
 43955 | Elf:2    | Killed Louise
 44294 | Elf:2    | Identified the Guide on Poisoning and Attacks
 44664 | Elf:3    | Entered Level 3 of the Elven Halls
 45296 | Elf:3    | Found Qoyz's Antique Armour Shoppe.
 45296 | Elf:3    | Noticed Roxanne
 45353 | Elf:3    | Killed Roxanne
 45484 | Elf:3    | Bought a pair of embroidered boots for 360 gold pieces
 45968 | Elf:3    | Identified the cursed +0 lajatang of Husucae Urui {drain,
                  | rPois rC- Str+3 Int+4}
 45968 | Elf:3    | Identified the +1 steam dragon scales of Hangman {Rampage
                  | rPois Regen+ Stlth-}
 46030 | Elf:3    | Reached XP level 19. HP: 91/98 MP: 30/45
 46033 | Elf:3    | Identified the +6 scimitar of Insufficient Pleasure
                  | {freeze, Fragile Dex+5}
 46033 | Elf:3    | Identified the +6 scythe "Xiawni" {drain, rPois Dex-3 SInv}
 46267 | Elf:3    | Identified the Reference Book on Envenoming and Creation
 46423 | Elf:3    | Learned a level 2 spell: Blink
 46645 | Vaults:1 | Entered Level 1 of the Vaults
 46734 | Vaults:1 | Offered knowledge of Lehudib's Crystal Spear by Vehumet.
 46734 | Vaults:1 | Offered knowledge of Fire Storm by Vehumet.
 46734 | Vaults:1 | Offered knowledge of Chain Lightning by Vehumet.
 46755 | Vaults:1 | Learned a level 9 spell: Fire Storm
 47023 | Vaults:1 | Reached skill level 1 in Armour
 47132 | D:15     | Entered Level 15 of the Dungeon
 47373 | D:15     | Found a staircase to the Depths.
 47388 | Depths:1 | Entered Level 1 of the Depths
 47870 | Depths:1 | Found a gateway to Hell.
 48285 | Slime:1  | Entered Level 1 of the Pits of Slime
 48343 | Slime:1  | Found a viscous altar of Jiyva.
 48849 | Slime:4  | Reached skill level 5 in Fighting
 48849 | Slime:4  | Reached skill level 5 in Shields
 49013 | Slime:5  | Entered Level 5 of the Pits of Slime
 49026 | Slime:5  | Reached XP level 20. HP: 106/106 MP: 43/46
 49028 | Slime:5  | Noticed the Royal Jelly
 49035 | Slime:5  | Killed the Royal Jelly
 49229 | Slime:5  | Found the cursed necklace of Bloodlust {*Rage +Rage MR++
                  | Int-3 Slay+6 *Curse}
 49277 | Slime:5  | Got a slimy rune of Zot
 49854 | Vaults:2 | Noticed Boris
 49862 | Vaults:2 | Killed Boris
 51534 | Vaults:3 | Reached XP level 21. HP: 78/112 MP: 36/48
 52160 | Vaults:5 | Entered Level 5 of the Vaults
 52472 | Vaults:5 | Noticed a golden dragon
 52476 | Vaults:5 | Killed a golden dragon
 52476 | Vaults:5 | Identified the +9 morningstar of Mastery {holy, Stlth+}
 53153 | Vaults:5 | Reached XP level 22. HP: 117/117 MP: 48/50
 53806 | Vaults:5 | Noticed an ancient lich
 53808 | Vaults:5 | Killed an ancient lich
 54201 | Vaults:5 | Identified the ring of Ozaogoc {Fire Dex+3}
 54582 | Vaults:5 | Noticed a golden dragon
 54582 | Vaults:5 | an iron giant changed into a golden dragon
 54584 | Vaults:5 | Killed a golden dragon
 54927 | Vaults:5 | Got a silver rune of Zot
 55165 | Vaults:5 | Identified the +7 lajatang of Megalomania {venom, rC+}
 56590 | Lair:5   | Killed Kaive's ghost
 56593 | Lair:5   | Identified the +2 hat of Agoraphobia {rN+ MR+ Str+2 Int+2}
                  | (You found it on level 5 of the Lair of Beasts)
 57488 | Depths:1 | Found a portal to a secret trove of treasure.
 57568 | Depths:1 | Identified Veuklin's Incunabulum of Mutagenic Feathers
 58068 | Depths:2 | Reached XP level 23. HP: 121/121 MP: 52/52
 59790 | Depths:2 | Noticed a greater mummy
 59792 | Depths:2 | Killed a greater mummy
 60633 | Depths:3 | Found a one-way gate to the infinite horrors of the Abyss.
 60760 | Depths:3 | Found a gateway to a ziggurat.
 60760 | Depths:3 | Noticed an ancient lich
 60774 | Depths:3 | Killed an ancient lich
 60875 | Zig:1    | Entered Level 1 of a ziggurat
 60888 | Zig:1    | Learned a level 6 spell: Statue Form
 60897 | Zig:2    | Entered Level 2 of a ziggurat
 60920 | Zig:3    | Entered Level 3 of a ziggurat
 60941 | Zig:4    | Entered Level 4 of a ziggurat
 60944 | Zig:4    | Reached skill level 1 in Transmutations
 61005 | Zig:5    | Entered Level 5 of a ziggurat
 61011 | Zig:5    | Noticed a juggernaut
 61013 | Zig:5    | Killed a juggernaut
 61021 | Zig:5    | Identified the ring "Siss" {*Slow MR+ Str+2 Stlth+} (You
                  | found it on level 5 of a ziggurat)
 61041 | Zig:6    | Entered Level 6 of a ziggurat
 61046 | Zig:6    | Reached skill level 5 in Air Magic
 61046 | Zig:6    | Noticed a Killer Klown
 61048 | Zig:6    | Killed a Killer Klown
 61070 | Zig:7    | Entered Level 7 of a ziggurat
 61095 | Zig:7    | Identified the ring of Ikhip {rN+ Str+3 Dex+2 Slay+3} (You
                  | found it on level 7 of a ziggurat)
 61102 | Zig:8    | Entered Level 8 of a ziggurat
 61110 | Zig:8    | Noticed a shard shrike
 61111 | Zig:8    | Killed a shard shrike
 61131 | Zig:8    | Identified the Papyrus of Damage Dealing
 61142 | Zig:9    | Entered Level 9 of a ziggurat
 61151 | Zig:9    | Reached XP level 24. HP: 127/127 MP: 53/53
 61163 | Zig:9    | Identified the Tome of Cold and Dark Secrets
 61165 | Zig:9    | Identified the Incunabulum of Clay
 61179 | Zig:10   | Entered Level 10 of a ziggurat
 61219 | Zig:11   | Entered Level 11 of a ziggurat
 61291 | Zig:11   | Learned a level 8 spell: Chain Lightning
 61292 | Zig:12   | Entered Level 12 of a ziggurat
 61303 | Zig:12   | Reached skill level 5 in Earth Magic
 61306 | Zig:12   | Reached skill level 5 in Transmutations
 61308 | Zig:12   | Found the ring of the Mage {Wiz MR++ Int+3}
 61309 | Zig:12   | Reached skill level 27 in Fire Magic
 61332 | Zig:12   | Identified Vuutzear's Papyrus of Dislocated Enchantment
 61336 | Zig:12   | Identified the +9 great sword "Itodd" {vorpal, rF+ rC+ MR++
                  | Str-4} (You found it on level 12 of a ziggurat)
 61443 | Zig:13   | Entered Level 13 of a ziggurat
 61458 | Zig:13   | Noticed a juggernaut
 61460 | Zig:13   | Killed a juggernaut
 61483 | Zig:13   | Reached XP level 25. HP: 132/132 MP: 35/53
 61487 | Zig:13   | Reached XP level 26. HP: 138/138 MP: 36/54
 61557 | Zig:14   | Entered Level 14 of a ziggurat
 61570 | Zig:14   | Noticed a greater mummy
 61572 | Zig:14   | Noticed a greater mummy
 61573 | Zig:14   | Noticed a greater mummy
 61574 | Zig:14   | Killed a greater mummy
 61575 | Zig:14   | Killed a greater mummy
 61576 | Zig:14   | Killed a greater mummy
 61773 | Zig:14   | Reached XP level 27. HP: 142/142 MP: 55/55
 61786 | Zig:15   | Entered Level 15 of a ziggurat
 61799 | Zig:15   | Noticed a greater mummy
 61802 | Zig:15   | Noticed a greater mummy
 61803 | Zig:15   | Killed a greater mummy
 61803 | Zig:15   | Noticed a greater mummy
 61803 | Zig:15   | Noticed a greater mummy
 61804 | Zig:15   | Reached skill level 27 in Spellcasting
 61804 | Zig:15   | Killed a greater mummy
 61804 | Zig:15   | HP: 10/206 [something (9)]
 61810 | Zig:15   | Killed a greater mummy
 61814 | Zig:15   | Killed a greater mummy
 61815 | Zig:15   | HP: 8/210 [something (15)]
 62007 | Zig:15   | Identified the +3 buckler of Gravity {Harm Regen+ Dex+3}
                  | (You found it on level 15 of a ziggurat)
 62042 | Zig:16   | Entered Level 16 of a ziggurat
 62096 | Zig:16   | Identified the -4 hat of Lugonu's Pride {+Blink rN+ MR-
                  | Regen+} (You found it on level 16 of a ziggurat)
 62109 | Zig:16   | Got a warped glass ring
 62112 | Zig:16   | Identified the ring "Larualal" {MP+9 EV+4 Str+6 Int-2
                  | Stlth+} (You found it on level 16 of a ziggurat)
 62171 | Zig:17   | Entered Level 17 of a ziggurat
 62196 | Zig:17   | Reached skill level 10 in Fighting
 62206 | Zig:17   | Found the +12 glaive of Prune {vorpal}
 62208 | Zig:17   | Found the +10 morningstar "Eos" {elec, Halo rElec}
 62213 | Zig:17   | Identified the +2 leather armour "Bukkik" {MP+9 Int+5} (You
                  | found it on level 17 of a ziggurat)
 62226 | Zig:17   | Identified the ring "Achiruel" {+Fly Slay+6 SInv} (You
                  | found it on level 17 of a ziggurat)
 62228 | Zig:17   | Identified the amulet of Ymant {MR++ Regen+ Int+4} (You
                  | found it on level 17 of a ziggurat)
 62294 | Zig:18   | Entered Level 18 of a ziggurat
 62324 | Zig:18   | Reached skill level 5 in Armour
 62334 | Zig:18   | Found the +6 shillelagh "Devastator" {shatter}
 62354 | Zig:18   | Identified the ring of Heximip {rC- rN+ MP+9 SInv Stlth+}
                  | (You found it on level 18 of a ziggurat)
 62363 | Zig:18   | Identified Ukhlilaaxt's Catalogue of Ashen Ignition
 62370 | Zig:19   | Entered Level 19 of a ziggurat
 62429 | Zig:19   | Identified Jaika's Grimoire of Confrontation
 62449 | Zig:20   | Entered Level 20 of a ziggurat
 62476 | Zig:20   | Reached skill level 10 in Air Magic
 62494 | Zig:20   | Identified Ongolein's Grimoire of Scorching Companions
 62500 | Zig:20   | Identified the cursed +0 cloak of Inviolability {rPois rC+
                  | MR+} (You found it on level 20 of a ziggurat)
 62526 | Zig:20   | Identified the ring "Mudi" {*Corrode rPois Str+3 Int+2}
                  | (You found it on level 20 of a ziggurat)
 62555 | Zig:20   | Learned a level 9 spell: Tornado
 62565 | Zig:20   | Learned a level 9 spell: Shatter
 62568 | Zig:20   | Learned a level 2 spell: Sublimation of Blood
 62569 | Zig:21   | Entered Level 21 of a ziggurat
 62596 | Zig:21   | Reached skill level 10 in Shields
 62622 | Zig:21   | Identified the ring "Roegom" {rC+ MP+9 Int+4 Dex-3} (You
                  | found it on level 21 of a ziggurat)
 62634 | Zig:21   | Identified Sif Muna's Almanac of the Rocks and the Compass
 62639 | Zig:21   | Identified the +6 falchion of Radicalism {flame, *Drain
                  | Str+3 Int-5 Dex+8} (You found it on level 21 of a ziggurat)
 62654 | Zig:22   | Entered Level 22 of a ziggurat
 62750 | Zig:23   | Entered Level 23 of a ziggurat
 62773 | Zig:23   | Reached skill level 15 in Air Magic
 62921 | Zig:23   | Found the +9 heavy crossbow "Sniper" {vorpal, Acc+∞ SInv}
 62984 | Zig:23   | Reached skill level 10 in Earth Magic
 62989 | Zig:24   | Entered Level 24 of a ziggurat
 63024 | Zig:24   | Noticed an orb of fire
 63024 | Zig:24   | Noticed an orb of fire
 63024 | Zig:24   | Noticed an orb of fire
 63029 | Zig:24   | Killed an orb of fire
 63030 | Zig:24   | Noticed an orb of fire
 63030 | Zig:24   | Gained mutation: Potions are less effective at restoring
                  | your health. [an orb of fire]
 63031 | Zig:24   | Killed an orb of fire
 63034 | Zig:24   | Killed an orb of fire
 63041 | Zig:24   | Killed an orb of fire
 63043 | Zig:24   | Noticed an orb of fire
 63045 | Zig:24   | HP: 4/167 [orb of fire/fireball (50)]
 63053 | Zig:25   | Entered Level 25 of a ziggurat
 63148 | Zig:25   | Reached skill level 15 in Earth Magic
 63169 | Zig:25   | Lost mutation: Potions are less effective at restoring your
                  | health. [potion of mutation]
 63169 | Zig:25   | Gained mutation: You expend magic power (3 MP) to
                  | strengthen your wands. [potion of mutation]
 63169 | Zig:25   | Gained mutation: Your muscles are strong. (Str +2) [potion
                  | of mutation]
 63172 | Zig:25   | Found the +4 skin of Zhor {Englaciate rC+++ SInv}
 63172 | Zig:25   | Found the ring of Phasing {EV+8}
 63188 | Zig:25   | Identified the +3 buckler "Ipeifow" {Int+7} (You found it
                  | on level 25 of a ziggurat)
 63189 | Zig:25   | Identified Elijir's Incunabulum of Contamination and Arcane
                  | Weapons
 63210 | Zig:25   | Identified the ring "Maizowuu" {AC+4 SInv} (You found it on
                  | level 25 of a ziggurat)
 63211 | Zig:25   | Identified the Compendium of Floating Earth
 63230 | Zig:26   | Entered Level 26 of a ziggurat
 63297 | Zig:26   | Identified the +1 buckler "Uplepn" {+Blink rF++ Dex-3 SInv}
                  | (You found it on level 26 of a ziggurat)
 63299 | Zig:26   | Identified the +2 robe "Boih" {Regen+ rCorr} (You found it
                  | on level 26 of a ziggurat)
 63329 | Zig:26   | Identified the Reference Book on Unholy Poisoning
 63332 | Zig:26   | Got a brightly glowing granite ring
 63334 | Zig:26   | Identified the ring of Plog {MR++ Dex+2 Slay+4} (You found
                  | it on level 26 of a ziggurat)
 63366 | Zig:27   | Entered Level 27 of a ziggurat
 63382 | Zig:27   | Learned a level 7 spell: Orb of Destruction
 63442 | Zig:27   | Found the +2 ratskin cloak {*Rats rPois rN+ Str-1 Int-1
                  | Dex+1}
 63449 | Zig:27   | Identified the ring of Fyiqys {MR+ Int+4 SInv Stlth-} (You
                  | found it on level 27 of a ziggurat)
 63458 | Zig:27   | Identified the Papyrus of Poisonous Summoning
 63460 | Zig:27   | Identified the Tome of Ghastly Creation
 63472 | Zig:27   | Identified the ring "Vederuga" {Ice Str-5 Slay+4} (You
                  | found it on level 27 of a ziggurat)
 63476 | Zig:27   | Got a clouded bronze amulet
 63489 | Depths:3 | Identified the amulet of a Million Youths {Regen+ Dex+5
                  | Stlth+} (You found it on level 27 of a ziggurat)
 63507 | Zig:1    | Entered Level 1 of a ziggurat
 63522 | Zig:2    | Entered Level 2 of a ziggurat
 63535 | Zig:2    | Got a scorched iron ring
 63538 | Zig:3    | Entered Level 3 of a ziggurat
 63559 | Zig:4    | Entered Level 4 of a ziggurat
 63586 | Zig:5    | Entered Level 5 of a ziggurat
 63604 | Zig:6    | Entered Level 6 of a ziggurat
 63641 | Zig:7    | Entered Level 7 of a ziggurat
 63657 | Zig:7    | Identified the ring of Xoge {rElec rPois Str-4 Dex+2} (You
                  | found it on level 2 of a ziggurat)
 63678 | Zig:8    | Entered Level 8 of a ziggurat
 63690 | Zig:8    | Found the amulet of the Air {Inacc +Fly rElec EV+5 RMsl}
 63695 | Zig:8    | Got a wavering bronze ring
 63699 | Zig:8    | Identified the ring "Xechoqec" {rPois EV+4 Int+3 Dex+4}
                  | (You found it on level 8 of a ziggurat)
 63716 | Zig:9    | Entered Level 9 of a ziggurat
 63728 | Zig:9    | Noticed an ancient lich
 63729 | Zig:9    | Killed an ancient lich
 63755 | Zig:9    | Got a scorched wooden ring
 63768 | Zig:10   | Entered Level 10 of a ziggurat
 63793 | Zig:10   | Identified Goma's First Steps in the Arcane Arts
 63821 | Zig:10   | Learned a level 8 spell: Necromutation
 63832 | Zig:10   | Learned a level 9 spell: Death's Door
 63834 | Zig:11   | Entered Level 11 of a ziggurat
 63841 | Zig:11   | Noticed Imiypn the pandemonium lord
 63841 | Zig:11   | Noticed Odom the pandemonium lord
 63846 | Zig:11   | Killed Odom the pandemonium lord
 63846 | Zig:11   | Reached skill level 5 in Necromancy
 63848 | Zig:11   | Noticed Keitot the pandemonium lord
 63850 | Zig:11   | Killed Keitot the pandemonium lord
 63851 | Zig:11   | Noticed Onka the pandemonium lord
 63852 | Zig:11   | Killed Imiypn the pandemonium lord
 63853 | Zig:11   | Killed Onka the pandemonium lord
 63856 | Zig:11   | Reached skill level 10 in Necromancy
 63864 | Zig:11   | Identified the Disquisition on Captivating Dislocation
 63903 | Zig:12   | Entered Level 12 of a ziggurat
 63910 | Zig:12   | Noticed Fin Xudu the pandemonium lord
 63911 | Zig:12   | Noticed Woemyll the pandemonium lord
 63911 | Zig:12   | Noticed Dul Tudwei the pandemonium lord
 63913 | Zig:12   | Killed Woemyll the pandemonium lord
 63914 | Zig:12   | Killed Fin Xudu the pandemonium lord
 63917 | Zig:12   | Killed Dul Tudwei the pandemonium lord
 63919 | Zig:12   | Killed Gekk the pandemonium lord
 63957 | Zig:12   | Reached skill level 15 in Necromancy
 63966 | Zig:13   | Entered Level 13 of a ziggurat
 63975 | Zig:13   | Noticed Solok the pandemonium lord
 63978 | Zig:13   | Killed Solok the pandemonium lord
 63990 | Zig:13   | Found the +8 autumn katana {vorpal, Clar}
 64024 | Zig:14   | Entered Level 14 of a ziggurat
 64073 | Zig:14   | Identified the Tome of Displaced Flight
 64082 | Zig:15   | Entered Level 15 of a ziggurat
 64093 | Zig:15   | Noticed an ancient lich
 64097 | Zig:15   | Killed an ancient lich
 64097 | Zig:15   | Reached skill level 10 in Transmutations
 64099 | Zig:15   | Noticed an ancient lich
 64100 | Zig:15   | Killed an ancient lich
 64136 | Zig:15   | Identified the Compendium of the Frigorific Volcanoes
 64188 | Zig:16   | Entered Level 16 of a ziggurat
 64219 | Zig:16   | Identified Sif Muna's Last Secrets of Hermeneutics
 64225 | Zig:16   | Identified the ring "Mezor" {rPois MP+9 Int+3 Dex+4} (You
                  | found it on level 9 of a ziggurat)
 64226 | Zig:16   | Identified the ring "Gauhocel" {rElec rC+++ Str-3 Dex+2
                  | Stlth+} (You found it on level 16 of a ziggurat)
 64267 | Zig:17   | Entered Level 17 of a ziggurat
 64299 | Zig:17   | Found the +0 pair of fencer's gloves {Riposte Dex+3}
 64300 | Zig:17   | Found the +2 Maxwell's thermic engine {flame, freeze}
 64307 | Zig:17   | Identified Sif Muna's Handbook of Sinister Rituals and
                  | Illusion
 64358 | Zig:18   | Entered Level 18 of a ziggurat
 64371 | Zig:18   | Noticed a greater mummy
 64371 | Zig:18   | Noticed a greater mummy
 64373 | Zig:18   | Noticed a greater mummy
 64373 | Zig:18   | Noticed a greater mummy
 64374 | Zig:18   | Killed a greater mummy
 64374 | Zig:18   | Killed a greater mummy
 64375 | Zig:18   | Noticed a greater mummy
 64377 | Zig:18   | Noticed a greater mummy
 64377 | Zig:18   | Noticed a greater mummy
 64377 | Zig:18   | Killed a greater mummy
 64378 | Zig:18   | Killed a greater mummy
 64378 | Zig:18   | Killed a greater mummy
 64379 | Zig:18   | Killed a greater mummy
 64379 | Zig:18   | Killed a greater mummy
 64380 | Zig:18   | Noticed a greater mummy
 64382 | Zig:18   | Killed a greater mummy
 64411 | Zig:18   | Identified the Guide on Unstable Air
 64421 | Zig:19   | Entered Level 19 of a ziggurat
 64438 | Zig:19   | Noticed an ancient lich
 64439 | Zig:19   | Reached skill level 10 in Armour
 64441 | Zig:19   | Killed an ancient lich
 64444 | Zig:19   | Noticed an ancient lich
 64445 | Zig:19   | Killed an ancient lich
 64447 | Zig:19   | Noticed an ancient lich
 64449 | Zig:19   | Reached skill level 27 in Conjurations
 64449 | Zig:19   | Killed an ancient lich
 64449 | Zig:19   | Killed an ancient lich
 64481 | Zig:19   | Identified the ring of Ohueguk {*Corrode rElec rN+ MR++
                  | Slay+4} (You found it on level 19 of a ziggurat)
 64500 | Zig:19   | Identified the ring of Ninep {+Inv rElec EV+4 Dex+2} (You
                  | found it on level 19 of a ziggurat)
 64506 | Zig:20   | Entered Level 20 of a ziggurat
 64529 | Zig:20   | Reached skill level 15 in Evocations
 64552 | Zig:20   | Identified the Tome of Excruciating Stones
 64566 | Zig:20   | Identified the Almanac of Earth
 64591 | Zig:20   | Identified the ring "Evela" {MR+ SInv} (You found it on
                  | level 20 of a ziggurat)
 64598 | Zig:21   | Entered Level 21 of a ziggurat
 64636 | Zig:21   | Found the +7 Spriggan's Knife {stab, EV+4 Stlth+}
 64636 | Zig:21   | Found the +3 crown of Dyrovepreva {rElec Int+2 SInv}
 64654 | Zig:21   | Identified the ring of Qumanga {rElec rPois rF++ Slay+4
                  | Stlth-} (You found it on level 21 of a ziggurat)
 64657 | Zig:21   | Identified the Reference Book on Dusty Dark Magic
 64667 | Zig:22   | Entered Level 22 of a ziggurat
 64678 | Zig:22   | Noticed an orb of fire
 64678 | Zig:22   | Gained mutation: Your body sometimes deteriorates upon
                  | taking damage. [an orb of fire]
 64681 | Zig:22   | Killed an orb of fire
 64681 | Zig:22   | Noticed an orb of fire
 64683 | Zig:22   | Noticed an orb of fire
 64684 | Zig:22   | Noticed an orb of fire
 64685 | Zig:22   | Noticed an orb of fire
 64686 | Zig:22   | Killed an orb of fire
 64686 | Zig:22   | Reached skill level 15 in Armour
 64686 | Zig:22   | Noticed an orb of fire
 64686 | Zig:22   | Noticed an orb of fire
 64687 | Zig:22   | Noticed an orb of fire
 64688 | Zig:22   | Noticed an orb of fire
 64689 | Zig:22   | Killed an orb of fire
 64690 | Zig:22   | Noticed an orb of fire
 64698 | Zig:22   | Killed an orb of fire
 64704 | Zig:22   | Killed an orb of fire
 64704 | Zig:22   | Killed an orb of fire
 64705 | Zig:22   | Killed an orb of fire
 64707 | Zig:22   | Killed an orb of fire
 64708 | Zig:22   | Noticed an orb of fire
 64709 | Zig:22   | Killed an orb of fire
 64711 | Zig:22   | Killed an orb of fire
 64713 | Zig:22   | Killed an orb of fire
 64717 | Zig:22   | Reached skill level 15 in Fighting
 64834 | Zig:22   | Got a brightly glowing platinum ring
 64835 | Zig:22   | Identified the ring "Hefint" {rPois rF+++ rCorr Int+2
                  | Dex-5} (You found it on level 22 of a ziggurat)
 64848 | Zig:22   | Identified the ring "Jomaph" {rElec rC- Dex-3 Slay+5 SInv}
                  | (You found it on level 22 of a ziggurat)
 64858 | Zig:22   | Identified The Advanced Guide to Magic
 64868 | Zig:23   | Entered Level 23 of a ziggurat
 64904 | Zig:23   | Found the +8 demon blade "Leech" {vamp, *Rage +Rage rN+}
 64916 | Zig:23   | Identified the ring of Dastro {+Blink rN+ MR++ Dex+4} (You
                  | found it on level 23 of a ziggurat)
 64923 | Zig:23   | Got a shimmering granite ring
 64950 | Zig:23   | Got a scorched platinum ring
 64956 | Zig:23   | Got a vibrating lead amulet
 64965 | Zig:24   | Entered Level 24 of a ziggurat
 65001 | Zig:24   | Noticed Iviaduav the pandemonium lord
 65006 | Zig:24   | Killed Iviaduav the pandemonium lord
 65029 | Zig:24   | Found the +12 Vampire's Tooth {vamp}
 65032 | Zig:24   | Found the +7 pair of quick blades "Gyre" and "Gimble"
                  | {protect}
 65035 | Zig:24   | Identified the ring "Cougaina" {rF++ rCorr MP+9} (You found
                  | it on level 23 of a ziggurat)
 65044 | Zig:24   | Identified the amulet of the Median {Reflect rF+ Int+2
                  | Dex-4 SH+5} (You found it on level 23 of a ziggurat)
 65081 | Zig:25   | Entered Level 25 of a ziggurat
 65146 | Zig:25   | Noticed Keka the pandemonium lord
 65147 | Zig:25   | Killed Keka the pandemonium lord
 65174 | Zig:25   | Found the cursed +14 obsidian axe {vorpal, +Fly SInv
                  | *Curse}
 65176 | Zig:25   | Found the +2 cloak of the Thief {*Fog Slay-2 SInv Stlth+}
 65178 | Zig:25   | Found the +8 orange crystal plate armour {Archmagi, Int+3
                  | Clar}
 65184 | Zig:25   | Identified the ring of Hacaiqo {Ice +Blink rN+ Dex-4
                  | Slay+3} (You found it on level 23 of a ziggurat)
 65198 | Zig:25   | Acquired the +1 pair of boots of Cloud Cover {rPois rN+}
 65199 | Zig:25   | Acquired the Volume of Flight and the Rocks
 65233 | Zig:25   | Got a polished buckler
 65245 | Zig:25   | Identified the +4 buckler of Autumn {-Cast rPois rN+ SInv}
                  | (You found it on level 25 of a ziggurat)
 65260 | Zig:26   | Entered Level 26 of a ziggurat
 65279 | Zig:26   | Noticed an ancient lich
 65279 | Zig:26   | Noticed an ancient lich
 65281 | Zig:26   | Killed an ancient lich
 65282 | Zig:26   | Noticed an ancient lich
 65284 | Zig:26   | Killed an ancient lich
 65284 | Zig:26   | Killed an ancient lich
 65284 | Zig:26   | Noticed an ancient lich
 65284 | Zig:26   | Noticed an ancient lich
 65285 | Zig:26   | Killed an ancient lich
 65286 | Zig:26   | Killed an ancient lich
 65288 | Zig:26   | Killed an ancient lich
 65288 | Zig:26   | Noticed an ancient lich
 65289 | Zig:26   | Killed an ancient lich
 65292 | Zig:26   | Noticed an ancient lich
 65292 | Zig:26   | Noticed an ancient lich
 65294 | Zig:26   | Killed an ancient lich
 65294 | Zig:26   | Killed an ancient lich
 65331 | Zig:26   | Identified the Catalogue of the Pure Spirits
 65361 | Zig:26   | Identified the ring "Soess" {rN+ Int+4 Stlth-} (You found
                  | it on level 26 of a ziggurat)
 65364 | Zig:26   | Got a fading helmet
 65375 | Zig:26   | Identified the +2 helmet of Moack {rCorr} (You found it on
                  | level 26 of a ziggurat)
 65386 | Zig:26   | Identified the Handbook of the Rocks and Necromancy
 65396 | Zig:26   | Got a clouded golden ring
 65411 | Zig:27   | Entered Level 27 of a ziggurat
 65667 | Zig:27   | Identified the ring "Azisidug" {rF+ MR+ Dex+3 Stlth-} (You
                  | found it on level 26 of a ziggurat)
 65686 | Zig:1    | Entered Level 1 of a ziggurat
 65686 | Zig:1    | Noticed Zurghelan the pandemonium lord
 65694 | Zig:1    | Killed Zurghelan the pandemonium lord
 65842 | Zig:2    | Entered Level 2 of a ziggurat
 65863 | Zig:3    | Entered Level 3 of a ziggurat
 65880 | Zig:4    | Entered Level 4 of a ziggurat
 65909 | Zig:5    | Entered Level 5 of a ziggurat
 65935 | Zig:5    | Identified the Almanac of the Nightingale
 65965 | Zig:6    | Entered Level 6 of a ziggurat
 66009 | Zig:6    | Identified a +1 pair of boots of running (You found it on
                  | level 6 of a ziggurat)
 66011 | Zig:7    | Entered Level 7 of a ziggurat
 66015 | Zig:7    | Reached skill level 5 in Stealth
 66043 | Zig:8    | Entered Level 8 of a ziggurat
 66049 | Zig:8    | Reached skill level 5 in Ice Magic
 66068 | Zig:8    | Got a pitted pewter ring
 66071 | Zig:8    | Got an ancient glass ring
 66083 | Zig:9    | Entered Level 9 of a ziggurat
 66090 | Zig:9    | Noticed a juggernaut
 66093 | Zig:9    | Killed a juggernaut
 66093 | Zig:9    | Reached skill level 10 in Stealth
 66123 | Zig:9    | Identified the Collected Works on Creative Transformation
 66126 | Zig:9    | Identified the Disquisition on Glacial Heat
 66131 | Zig:9    | Identified the ring "Joutyh" {rF+ rN++} (You found it on
                  | level 9 of a ziggurat)
 66136 | Zig:10   | Entered Level 10 of a ziggurat
 66150 | Zig:10   | Found the ring of Shadows {Umbra +Inv Stlth+}
 66150 | Zig:10   | Found the +3 sling "Punk" {acid, rCorr}
 66168 | Zig:11   | Entered Level 11 of a ziggurat
 66177 | Zig:11   | Reached skill level 10 in Ice Magic
 66207 | Zig:12   | Entered Level 12 of a ziggurat
 66217 | Zig:12   | Reached skill level 15 in Stealth
 66234 | Zig:12   | Identified Sif Muna's Disquisition on the Earthen Entourage
 66246 | Zig:12   | Identified the ring of Recklessness {*Slow rC+ rN+ Str+6
                  | Int+3} (You found it on level 12 of a ziggurat)
 66252 | Zig:13   | Entered Level 13 of a ziggurat
 66263 | Zig:13   | Noticed an ancient lich
 66265 | Zig:13   | Noticed an ancient lich
 66267 | Zig:13   | Killed an ancient lich
 66267 | Zig:13   | Noticed an ancient lich
 66268 | Zig:13   | Killed an ancient lich
 66268 | Zig:13   | Reached skill level 15 in Ice Magic
 66268 | Zig:13   | Noticed an ancient lich
 66269 | Zig:13   | Killed an ancient lich
 66270 | Zig:13   | Killed an ancient lich
 66313 | Zig:14   | Entered Level 14 of a ziggurat
 66480 | Zig:14   | Found the +2 hat of the Bear Spirit {Spirit, +Rage rN+
                  | MR++}
 66507 | Zig:15   | Entered Level 15 of a ziggurat
 66540 | Zig:15   | Identified the +0 robe "Wykaseq" {-Cast Rampage rF+ Slay+4}
                  | (You found it on level 15 of a ziggurat)
 66568 | Zig:16   | Entered Level 16 of a ziggurat
 66580 | Zig:16   | Noticed a juggernaut
 66582 | Zig:16   | Killed a juggernaut
 66610 | Zig:16   | Identified the ring "Fioqaejoe" {rElec rPois rF+ Int-4
                  | Dex+3} (You found it on level 16 of a ziggurat)
 66613 | Zig:16   | Identified the ring of Lucidity {*Corrode rElec rC+ Int+3
                  | Stlth+} (You found it on level 16 of a ziggurat)
 66627 | Zig:17   | Entered Level 17 of a ziggurat
 66638 | Zig:17   | Reached skill level 27 in Air Magic
 66681 | Zig:17   | Identified the cursed +1 robe "Miwughoz" {rPois Int+4} (You
                  | found it on level 17 of a ziggurat)
 66705 | Zig:18   | Entered Level 18 of a ziggurat
 66778 | Zig:19   | Entered Level 19 of a ziggurat
 66823 | Zig:19   | Reached skill level 27 in Earth Magic
 66864 | Zig:19   | Identified the Collected Works on Lethal Air
 66895 | Zig:20   | Entered Level 20 of a ziggurat
 66930 | Zig:20   | Noticed a juggernaut
 66932 | Zig:20   | Killed a juggernaut
 66932 | Zig:20   | Reached skill level 15 in Dodging
 66971 | Zig:20   | Identified the ring of Daischa {rElec Dex+3 SInv} (You
                  | found it on level 20 of a ziggurat)
 66986 | Zig:20   | Acquired the +1 pair of gloves "Riatuap" {rF+ rN+ Int+4}
 66999 | Zig:20   | Acquired 992 gold pieces
 67007 | Zig:21   | Entered Level 21 of a ziggurat
 67039 | Zig:21   | Found the +5 demon whip "Spellbinder" {antimagic, MR+}
 67043 | Zig:21   | Found the +7 lajatang of Order {silver, rMut}
 67079 | Zig:22   | Entered Level 22 of a ziggurat
 67080 | Zig:22   | Identified the ring "Wyoh" {rElec rPois rC+ rN+ Str+2} (You
                  | found it on level 8 of a ziggurat)
 67081 | Zig:22   | Identified the ring "Boemnojotz" {*Slow rN+ Str+8} (You
                  | found it on level 8 of a ziggurat)
 67091 | Zig:22   | Noticed a juggernaut
 67094 | Zig:22   | Killed a juggernaut
 67135 | Zig:22   | Found the +6 Majin-Bo {vamp, MP+6 Int+6}
 67149 | Zig:22   | Identified the Grimoire of Dislocated Beguiling
 67161 | Zig:22   | Identified Qorroqed's Grimoire of the Compass and the Oath
 67207 | Zig:23   | Entered Level 23 of a ziggurat
 67261 | Zig:23   | Found the +11 plutonium sword {*Contam Stlth-}
 67281 | Zig:23   | Identified the amulet of Devotion {Acrobat *Contam rElec
                  | rF+ rC+} (You found it on level 23 of a ziggurat)
 67295 | Zig:23   | Identified the amulet of Isisch {Regen+ SInv} (You found it
                  | on level 23 of a ziggurat)
 67310 | Zig:23   | Identified the ring "Juckusav" {*Drain rN+ MR+++ MP+9 AC+4}
                  | (You found it on level 23 of a ziggurat)
 67314 | Zig:23   | Identified the Reference Book on the Dark Mountains
 67325 | Zig:24   | Entered Level 24 of a ziggurat
 67375 | Zig:24   | Found the +9 scales of the Dragon King {rPois rF+ rC+ MR+}
 67396 | Zig:24   | Identified the ring of Prescription {rC++ rCorr Dex+3} (You
                  | found it on level 24 of a ziggurat)
 67404 | Zig:24   | Identified the cursed +1 leather armour of Gravitas {rC+
                  | Str-5 Slay+3} (You found it on level 24 of a ziggurat)
 67429 | Zig:24   | Acquired the amulet of Circularity {RegenMP rElec Str+3
                  | Int+3}
 67438 | Zig:24   | Got a glittering glass ring
 67439 | Zig:24   | Identified the ring of the Empty Page {+Blink rF+ Int-5
                  | Slay+4} (You found it on level 24 of a ziggurat)
 67447 | Zig:25   | Entered Level 25 of a ziggurat
 67471 | Zig:25   | Noticed an ancient lich
 67472 | Zig:25   | Noticed an ancient lich
 67474 | Zig:25   | Killed an ancient lich
 67475 | Zig:25   | Killed an ancient lich
 67476 | Zig:25   | Noticed an ancient lich
 67476 | Zig:25   | Noticed an ancient lich
 67477 | Zig:25   | Noticed an ancient lich
 67478 | Zig:25   | Killed an ancient lich
 67478 | Zig:25   | Killed an ancient lich
 67479 | Zig:25   | Killed an ancient lich
 67487 | Zig:25   | Reached skill level 27 in Fighting
 67501 | Zig:25   | Found the amulet of the Four Winds {rN+ MR+++ Clar}
 67554 | Zig:25   | Got a vibrating platinum amulet
 67555 | Zig:25   | Identified the amulet of Munaos {Reflect Str+4 Int+5 SH+5}
                  | (You found it on level 25 of a ziggurat)
 67562 | Zig:25   | Identified Magic, Part One
 67567 | Zig:25   | Identified the +0 buckler of the Crypt {rPois SInv} (You
                  | found it on level 25 of a ziggurat)
 67577 | Zig:26   | Entered Level 26 of a ziggurat
 67602 | Zig:26   | Noticed Wiecweanna the pandemonium lord
 67611 | Zig:26   | Killed Wiecweanna the pandemonium lord
 67835 | Zig:26   | Identified the +1 robe of Esoirphy {rPois rF+ MR+} (You
                  | found it on level 26 of a ziggurat)
 67862 | Zig:27   | Entered Level 27 of a ziggurat
 67876 | Zig:27   | Noticed an ancient lich
 67879 | Zig:27   | Killed an ancient lich
 67884 | Zig:27   | Noticed an ancient lich
 67884 | Zig:27   | Noticed an ancient lich
 67885 | Zig:27   | Noticed an ancient lich
 67885 | Zig:27   | Noticed an ancient lich
 67887 | Zig:27   | Killed an ancient lich
 67887 | Zig:27   | Killed an ancient lich
 67887 | Zig:27   | Killed an ancient lich
 67887 | Zig:27   | Noticed an ancient lich
 67888 | Zig:27   | Killed an ancient lich
 67888 | Zig:27   | Noticed an ancient lich
 67891 | Zig:27   | Killed an ancient lich
 67891 | Zig:27   | Reached skill level 27 in Dodging
 67891 | Zig:27   | Noticed an ancient lich
 67892 | Zig:27   | Killed an ancient lich
 67893 | Zig:27   | Noticed an ancient lich
 67894 | Zig:27   | Noticed an ancient lich
 67894 | Zig:27   | Noticed an ancient lich
 67895 | Zig:27   | Killed an ancient lich
 67895 | Zig:27   | Noticed an ancient lich
 67896 | Zig:27   | Killed an ancient lich
 67896 | Zig:27   | Reached skill level 15 in Shields
 67896 | Zig:27   | Killed an ancient lich
 67896 | Zig:27   | Killed an ancient lich
 67897 | Zig:27   | Killed an ancient lich
 67898 | Zig:27   | Noticed an ancient lich
 67901 | Zig:27   | Killed an ancient lich
 67905 | Zig:27   | Noticed an ancient lich
 67906 | Zig:27   | Killed an ancient lich
 67951 | Zig:27   | Identified the amulet of Osam {Faith rElec Dex+2} (You
                  | found it on level 27 of a ziggurat)
 67975 | Zig:27   | Identified the ring of Haiski Tou {rC+ Int+2} (You found it
                  | on level 27 of a ziggurat)
 67981 | Zig:27   | Identified the Guide on Air
 68003 | Zig:1    | Entered Level 1 of a ziggurat
 68021 | Zig:2    | Entered Level 2 of a ziggurat
 68039 | Zig:3    | Entered Level 3 of a ziggurat
 68062 | Zig:4    | Entered Level 4 of a ziggurat
 68093 | Zig:5    | Entered Level 5 of a ziggurat
 68100 | Zig:5    | Gained mutation: Armour fits poorly on your strangely
                  | shaped body. [a neqoxec]
 68114 | Zig:5    | Identified the Volume of the Escort and Moulding
 68123 | Zig:6    | Entered Level 6 of a ziggurat
 68141 | Zig:6    | Got a sparkling garnet amulet
 68147 | Zig:6    | Identified the ring "Ymacasiu" {rF+ rC+ rN+ Slay+3} (You
                  | found it on level 6 of a ziggurat)
 68178 | Zig:6    | Acquired a manual of Evocations
 68185 | Zig:7    | Entered Level 7 of a ziggurat
 68224 | Zig:7    | Acquired 883 gold pieces
 68231 | Zig:8    | Entered Level 8 of a ziggurat
 68257 | Zig:8    | Identified Zihajomp's Collected Works on Freezing Shape
                  | Shifting
 68260 | Zig:8    | Identified the amulet "Iqeent" {Inacc Fragile rElec Str+10
                  | Dex-5} (You found it on level 6 of a ziggurat)
 68261 | Zig:8    | Identified the amulet of Anneniss {Spirit rElec} (You found
                  | it on level 8 of a ziggurat)
 68267 | Zig:8    | Identified the Incunabulum of Sinister Magic and the Escort
 68276 | Zig:8    | Identified the amulet "Yweov" {Regen+ MP+9 Str+6 Int-4}
                  | (You found it on level 8 of a ziggurat)
 68295 | Zig:9    | Entered Level 9 of a ziggurat
 68303 | Zig:9    | Noticed emiel's ghost (veteran MiDe)
 68314 | Zig:9    | Killed emiel's ghost
 68335 | Zig:9    | Identified the Disquisition on Bewitchment
 68348 | Zig:10   | Entered Level 10 of a ziggurat
 68370 | Zig:10   | Found the +9 staff of Wucad Mu {channel}
 68382 | Zig:10   | Learned a level 9 spell: Absolute Zero
 68403 | Zig:10   | Identified the Incunabulum of Earthen Moulding
 68408 | Zig:11   | Entered Level 11 of a ziggurat
 68452 | Zig:12   | Entered Level 12 of a ziggurat
 68504 | Zig:13   | Entered Level 13 of a ziggurat
 68534 | Zig:13   | Identified the ring of Fatigue {*Tele rC++ rN+} (You found
                  | it on level 13 of a ziggurat)
 68568 | Zig:13   | Identified the +0 leather armour of Restlessness {MP+9
                  | Str+4 Dex+4} (You found it on level 13 of a ziggurat)
 68573 | Zig:14   | Entered Level 14 of a ziggurat
 68586 | Zig:14   | Noticed an ancient lich
 68589 | Zig:14   | Noticed an ancient lich
 68590 | Zig:14   | Killed an ancient lich
 68590 | Zig:14   | Killed an ancient lich
 68591 | Zig:14   | Killed an ancient lich
 68600 | Zig:14   | Noticed an ancient lich
 68601 | Zig:14   | Found the +5 robe of Night {Dark MR+ SInv}
 68602 | Zig:14   | Killed an ancient lich
 68619 | Zig:14   | Found the +2 shield of Resistance {rF++ rC++ MR++}
 68637 | Zig:14   | Identified the ring "Waad" {rF+ Stlth+} (You found it on
                  | level 14 of a ziggurat)
 68642 | Zig:14   | Identified the Volume of Toxins and Ice
 68670 | Zig:15   | Entered Level 15 of a ziggurat
 68703 | Zig:15   | Found the +9 staff of Olgreb {rPois∞}
 68705 | Zig:15   | Found the +8 trident of the Octopus King {venom, rElec
                  | rPois MR+}
 68721 | Zig:15   | Acquired 825 gold pieces
 68726 | Zig:15   | Identified the amulet of the Scarab {Inacc *Contam *Drain
                  | MR+ Int+7} (You found it on level 15 of a ziggurat)
 68736 | Zig:16   | Entered Level 16 of a ziggurat
 68785 | Zig:16   | Identified Evekhled's Grimoire of the Mountains and Flight
 68800 | Zig:16   | Identified Teggemu's Volume of Weightlessness
 68810 | Zig:17   | Entered Level 17 of a ziggurat
 68859 | Zig:17   | Identified the Reference Book on Destructive Intoxication
 68899 | Zig:18   | Entered Level 18 of a ziggurat
 68965 | Zig:18   | Identified the Catalogue of Creative Confrontation
 68974 | Zig:18   | Identified the ring "Nifof" {Fire Int+2} (You found it on
                  | level 18 of a ziggurat)
 68980 | Zig:18   | Identified the Catalogue of Dusty Creation
 68986 | Zig:18   | Identified the ring of Cuuppok {rPois rF++} (You found it
                  | on level 18 of a ziggurat)
 68997 | Zig:19   | Entered Level 19 of a ziggurat
 69062 | Zig:19   | Identified the Papyrus of Ice and Unholy Secrets
 69106 | Zig:20   | Entered Level 20 of a ziggurat
 69186 | Zig:20   | Found the +0 sword of Power
 69192 | Zig:20   | Found the +3 pair of gauntlets of War {Slay+5}
 69194 | Zig:20   | Paralysed by accursed screaming for 1 turns
 69200 | Zig:21   | Entered Level 21 of a ziggurat
 69224 | Zig:21   | Noticed a greater mummy
 69228 | Zig:21   | Killed a greater mummy
 69230 | Zig:21   | Noticed a greater mummy
 69230 | Zig:21   | Noticed a greater mummy
 69234 | Zig:21   | Killed a greater mummy
 69234 | Zig:21   | Killed a greater mummy
 69234 | Zig:21   | Noticed a greater mummy
 69235 | Zig:21   | Noticed a greater mummy
 69236 | Zig:21   | Noticed a greater mummy
 69236 | Zig:21   | Noticed a greater mummy
 69236 | Zig:21   | Noticed a greater mummy
 69237 | Zig:21   | Killed a greater mummy
 69238 | Zig:21   | Killed a greater mummy
 69238 | Zig:21   | Noticed a greater mummy
 69241 | Zig:21   | Killed a greater mummy
 69241 | Zig:21   | Killed a greater mummy
 69241 | Zig:21   | Killed a greater mummy
 69242 | Zig:21   | Killed a greater mummy
 69242 | Zig:21   | Noticed a greater mummy
 69242 | Zig:21   | Noticed a greater mummy
 69243 | Zig:21   | Noticed a greater mummy
 69244 | Zig:21   | Killed a greater mummy
 69244 | Zig:21   | Noticed a greater mummy
 69244 | Zig:21   | Noticed a greater mummy
 69246 | Zig:21   | Noticed a greater mummy
 69247 | Zig:21   | Killed a greater mummy
 69247 | Zig:21   | Killed a greater mummy
 69247 | Zig:21   | Noticed a greater mummy
 69249 | Zig:21   | Noticed a greater mummy
 69249 | Zig:21   | Noticed a greater mummy
 69250 | Zig:21   | Noticed a greater mummy
 69250 | Zig:21   | Noticed a greater mummy
 69251 | Zig:21   | Killed a greater mummy
 69251 | Zig:21   | Killed a greater mummy
 69251 | Zig:21   | Noticed a greater mummy
 69252 | Zig:21   | Noticed a greater mummy
 69253 | Zig:21   | Killed a greater mummy
 69253 | Zig:21   | Killed a greater mummy
 69253 | Zig:21   | Killed a greater mummy
 69253 | Zig:21   | Killed a greater mummy
 69254 | Zig:21   | Killed a greater mummy
 69254 | Zig:21   | Killed a greater mummy
 69254 | Zig:21   | Killed a greater mummy
 69255 | Zig:21   | Killed a greater mummy
 69256 | Zig:21   | Noticed a greater mummy
 69257 | Zig:21   | HP: 7/199 [greater mummy/divine providence (10)]
 69258 | Zig:21   | Killed a greater mummy
 69318 | Zig:21   | Identified the +1 robe of Modesty {+Blink Int-2 Dex+3} (You
                  | found it on level 21 of a ziggurat)
 69319 | Zig:21   | Identified the Collected Works on Dusty Lightness
 69325 | Zig:21   | Identified the ring of Zaw Pebet {Str+7 SInv} (You found it
                  | on level 21 of a ziggurat)
 69491 | Zig:22   | Entered Level 22 of a ziggurat
 69492 | Zig:22   | Reached skill level 27 in Ice Magic
 69514 | Zig:22   | Noticed Qofra the pandemonium lord
 69514 | Zig:22   | Noticed Ogoym the pandemonium lord
 69514 | Zig:22   | Noticed Vyvube Vuocs the pandemonium lord
 69522 | Zig:22   | Noticed Wekkaygi the pandemonium lord
 69525 | Zig:22   | Killed Qofra the pandemonium lord
 69525 | Zig:22   | Killed Vyvube Vuocs the pandemonium lord
 69525 | Zig:22   | Killed Ogoym the pandemonium lord
 69526 | Zig:22   | Noticed Jaicrog the pandemonium lord
 69527 | Zig:22   | Noticed Zesosus the pandemonium lord
 69527 | Zig:22   | Noticed Vatoh the pandemonium lord
 69527 | Zig:22   | Noticed Biwodim the pandemonium lord
 69528 | Zig:22   | Noticed Vugilucu the pandemonium lord
 69529 | Zig:22   | Killed Mirasedgh the pandemonium lord
 69529 | Zig:22   | Noticed Wegger the pandemonium lord
 69530 | Zig:22   | Noticed Qiafa the pandemonium lord
 69530 | Zig:22   | Reached skill level 27 in Shields
 69530 | Zig:22   | Noticed Deag the pandemonium lord
 69530 | Zig:22   | Noticed Imodijaiv the pandemonium lord
 69531 | Zig:22   | Noticed Gunuemeu the pandemonium lord
 69531 | Zig:22   | Noticed Qodicoe the pandemonium lord
 69531 | Zig:22   | Noticed Eferibel the pandemonium lord
 69534 | Zig:22   | Killed Vatoh the pandemonium lord
 69534 | Zig:22   | Killed Qodicoe the pandemonium lord
 69534 | Zig:22   | Killed Jaicrog the pandemonium lord
 69534 | Zig:22   | Noticed Zenwin the pandemonium lord
 69534 | Zig:22   | Noticed Foufuoni the pandemonium lord
 69535 | Zig:22   | Killed Qiafa the pandemonium lord
 69535 | Zig:22   | Killed Zesosus the pandemonium lord
 69535 | Zig:22   | Killed Wekkaygi the pandemonium lord
 69535 | Zig:22   | Killed Vugilucu the pandemonium lord
 69535 | Zig:22   | Killed Wegger the pandemonium lord
 69535 | Zig:22   | Noticed Iduiqum the pandemonium lord
 69536 | Zig:22   | Noticed Zuevegg the pandemonium lord
 69536 | Zig:22   | Noticed Fuingiax the pandemonium lord
 69536 | Zig:22   | Noticed Toseh the pandemonium lord
 69536 | Zig:22   | Noticed Zuxzaeru the pandemonium lord
 69537 | Zig:22   | Killed Biwodim the pandemonium lord
 69537 | Zig:22   | Killed Foufuoni the pandemonium lord
 69537 | Zig:22   | Killed Iduiqum the pandemonium lord
 69537 | Zig:22   | Noticed Ifowywit the pandemonium lord
 69537 | Zig:22   | Noticed Xaryod the pandemonium lord
 69537 | Zig:22   | Noticed Honguag the pandemonium lord
 69537 | Zig:22   | Noticed Ufunot the pandemonium lord
 69537 | Zig:22   | Noticed Rounneoc the pandemonium lord
 69538 | Zig:22   | Killed Eferibel the pandemonium lord
 69538 | Zig:22   | Killed Zuxzaeru the pandemonium lord
 69538 | Zig:22   | Killed Gunuemeu the pandemonium lord
 69538 | Zig:22   | Reached skill level 27 in Evocations
 69538 | Zig:22   | Noticed Ofiader the pandemonium lord
 69539 | Zig:22   | Paralysed by a floating eye for 3 turns
 69541 | Zig:22   | Noticed Xomotiba the pandemonium lord
 69545 | Zig:22   | Killed Zuevegg the pandemonium lord
 69545 | Zig:22   | Killed Zenwin the pandemonium lord
 69546 | Zig:22   | Killed Deag the pandemonium lord
 69547 | Zig:22   | Killed Imodijaiv the pandemonium lord
 69547 | Zig:22   | Reached skill level 27 in Necromancy
 69549 | Zig:22   | Killed Xaryod the pandemonium lord
 69550 | Zig:22   | Killed Fuingiax the pandemonium lord
 69559 | Zig:22   | Killed Honguag the pandemonium lord
 69565 | Zig:22   | Killed Ofiader the pandemonium lord
 69565 | Zig:22   | Killed Toseh the pandemonium lord
 69565 | Zig:22   | Killed Ufunot the pandemonium lord
 69565 | Zig:22   | Killed Rounneoc the pandemonium lord
 69567 | Zig:22   | Killed Ifowywit the pandemonium lord
 69572 | Zig:22   | Killed Xuajirr the pandemonium lord
 69577 | Zig:22   | Killed Xomotiba the pandemonium lord
 69769 | Zig:22   | Got a smoking garnet amulet
 69770 | Zig:22   | Identified the amulet "Sis Seih" {RegenMP MP+9 Str+3} (You
                  | found it on level 22 of a ziggurat)
 69784 | Zig:22   | Identified the Guide on Ghastly Air
 69796 | Zig:22   | Lost mutation: Armour fits poorly on your strangely shaped
                  | body. [potion of mutation]
 69796 | Zig:22   | Lost mutation: Your body sometimes deteriorates upon taking
                  | damage. [potion of mutation]
 69796 | Zig:22   | Gained mutation: Your body sometimes deteriorates upon
                  | taking damage. [potion of mutation]
 69796 | Zig:22   | Gained mutation: You are resistant to electric shocks.
                  | (rElec) [potion of mutation]
 69798 | Zig:23   | Entered Level 23 of a ziggurat
 69874 | Zig:23   | Found the +10 tower shield of Ignorance {rN+ Int-4}
 69884 | Zig:23   | Found the +3 warlock's mirror {reflect}
 69898 | Zig:23   | Identified the Volume of Earthen Enchantment
 69911 | Zig:23   | Identified the Almanac of the Earthen Frostbite
 69931 | Zig:24   | Entered Level 24 of a ziggurat
 69959 | Zig:24   | Noticed an orb of fire
 69965 | Zig:24   | Killed an orb of fire
 69965 | Zig:24   | Noticed an orb of fire
 69967 | Zig:24   | Noticed an orb of fire
 69968 | Zig:24   | Noticed an orb of fire
 69969 | Zig:24   | Noticed an orb of fire
 69970 | Zig:24   | Killed an orb of fire
 69971 | Zig:24   | Noticed an orb of fire
 69971 | Zig:24   | Noticed an orb of fire
 69973 | Zig:24   | Killed an orb of fire
 69973 | Zig:24   | Noticed an orb of fire
 69974 | Zig:24   | Killed an orb of fire
 69974 | Zig:24   | Noticed an orb of fire
 69975 | Zig:24   | Killed an orb of fire
 69975 | Zig:24   | Killed an orb of fire
 69976 | Zig:24   | Killed an orb of fire
 69976 | Zig:24   | Noticed an orb of fire
 69976 | Zig:24   | Noticed an orb of fire
 69977 | Zig:24   | Killed an orb of fire
 69977 | Zig:24   | Noticed an orb of fire
 69977 | Zig:24   | Noticed an orb of fire
 69978 | Zig:24   | Killed an orb of fire
 69979 | Zig:24   | Noticed an orb of fire
 69980 | Zig:24   | Killed an orb of fire
 69980 | Zig:24   | Noticed an orb of fire
 69981 | Zig:24   | Killed an orb of fire
 69982 | Zig:24   | Killed an orb of fire
 69982 | Zig:24   | Noticed an orb of fire
 69983 | Zig:24   | Noticed an orb of fire
 69983 | Zig:24   | Killed an orb of fire
 69983 | Zig:24   | Noticed an orb of fire
 69984 | Zig:24   | Noticed an orb of fire
 69985 | Zig:24   | Noticed an orb of fire
 69985 | Zig:24   | Killed an orb of fire
 69987 | Zig:24   | Noticed an orb of fire
 69988 | Zig:24   | Killed an orb of fire
 69988 | Zig:24   | Killed an orb of fire
 69989 | Zig:24   | Killed an orb of fire
 69991 | Zig:24   | Killed an orb of fire
 69992 | Zig:24   | Killed an orb of fire
 69992 | Zig:24   | Killed an orb of fire
 70004 | Zig:24   | Killed an orb of fire
 70180 | Zig:24   | Found the +18 shield of the Gong {rElec rN+ MR+ EV-5}
 70229 | Zig:25   | Entered Level 25 of a ziggurat
 70264 | Zig:25   | Reached skill level 27 in Stealth
 70264 | Zig:25   | Reached skill level 27 in Armour
 70266 | Zig:25   | Reached skill level 1 in Translocations
 70274 | Zig:25   | Reached skill level 5 in Translocations
 70298 | Zig:25   | Found the cursed +13 scythe of Curses {drain, *Curse}
 70353 | Zig:26   | Entered Level 26 of a ziggurat
 70369 | Zig:26   | Noticed a greater mummy
 70369 | Zig:26   | Noticed a greater mummy
 70369 | Zig:26   | Noticed a greater mummy
 70369 | Zig:26   | Noticed a greater mummy
 70371 | Zig:26   | Noticed a greater mummy
 70371 | Zig:26   | Noticed a greater mummy
 70372 | Zig:26   | Killed a greater mummy
 70372 | Zig:26   | Killed a greater mummy
 70372 | Zig:26   | Killed a greater mummy
 70372 | Zig:26   | Killed a greater mummy
 70372 | Zig:26   | Reached skill level 15 in Transmutations
 70372 | Zig:26   | Noticed a greater mummy
 70372 | Zig:26   | Noticed a greater mummy
 70374 | Zig:26   | Killed a greater mummy
 70374 | Zig:26   | Killed a greater mummy
 70374 | Zig:26   | Noticed a greater mummy
 70374 | Zig:26   | Noticed a greater mummy
 70377 | Zig:26   | Noticed a greater mummy
 70382 | Zig:26   | Killed a greater mummy
 70382 | Zig:26   | Killed a greater mummy
 70382 | Zig:26   | Reached skill level 10 in Translocations
 70383 | Zig:26   | Killed a greater mummy
 70384 | Zig:26   | Noticed a greater mummy
 70385 | Zig:26   | Killed a greater mummy
 70385 | Zig:26   | Killed a greater mummy
 70385 | Zig:26   | Noticed a greater mummy
 70386 | Zig:26   | Killed a greater mummy
 70387 | Zig:26   | Noticed a greater mummy
 70387 | Zig:26   | Noticed a greater mummy
 70388 | Zig:26   | Killed a greater mummy
 70390 | Zig:26   | Killed a greater mummy
 70390 | Zig:26   | Killed a greater mummy
 70392 | Zig:26   | Noticed a greater mummy
 70392 | Zig:26   | Noticed a greater mummy
 70392 | Zig:26   | Noticed a greater mummy
 70392 | Zig:26   | Noticed a greater mummy
 70394 | Zig:26   | Killed a greater mummy
 70396 | Zig:26   | Killed a greater mummy
 70396 | Zig:26   | Killed a greater mummy
 70396 | Zig:26   | Noticed a greater mummy
 70397 | Zig:26   | Killed a greater mummy
 70398 | Zig:26   | Noticed a greater mummy
 70399 | Zig:26   | Killed a greater mummy
 70399 | Zig:26   | Noticed a greater mummy
 70400 | Zig:26   | Noticed a greater mummy
 70401 | Zig:26   | Noticed a greater mummy
 70402 | Zig:26   | Killed a greater mummy
 70402 | Zig:26   | Killed a greater mummy
 70403 | Zig:26   | Killed a greater mummy
 70403 | Zig:26   | Noticed a greater mummy
 70404 | Zig:26   | Killed a greater mummy
 70407 | Zig:26   | Killed a greater mummy
 70409 | Zig:26   | Noticed a greater mummy
 70413 | Zig:26   | Killed a greater mummy
 70447 | Zig:26   | Identified the ring of Hekan {rPois rF++ AC+4 Str-3 SInv}
                  | (You found it on level 26 of a ziggurat)
 70453 | Zig:26   | Identified the +6 leather armour of Grace {-Cast +Inv Str-5
                  | Dex+9} (You found it on level 26 of a ziggurat)
 70504 | Zig:27   | Entered Level 27 of a ziggurat
 70518 | Zig:27   | Reached skill level 1 in Maces & Flails
 70518 | Zig:27   | Reached skill level 15 in Translocations
 70534 | Zig:27   | Reached skill level 5 in Maces & Flails
 70572 | Zig:27   | Found the +5 robe of Misfortune {*Contam Harm *Corrode
                  | *Drain *Slow EV+5}
 70630 | Zig:27   | Identified the +1 pair of gloves of the World {rC- MR++
                  | SInv} (You found it on level 27 of a ziggurat)
 70706 | Hell     | Entered the Vestibule of Hell
 70706 | Hell     | Noticed Geryon
 70709 | Hell     | Killed Geryon
 70728 | Hell     | Found a gateway to the freezing wastes of Cocytus.
 70749 | Coc:1    | Entered Level 1 of Cocytus
 71055 | Coc:2    | You are sucked into a shaft and drop 2 floors!
 71091 | Coc:7    | Entered Level 7 of Cocytus
 71097 | Coc:7    | Noticed the Serpent of Hell
 71104 | Coc:7    | Killed the Serpent of Hell
 71144 | Coc:7    | Noticed Antaeus
 71154 | Coc:7    | Killed Antaeus
 71184 | Coc:7    | Identified the Grimoire of Clay and Bewitchment
 71205 | Coc:7    | Identified the Almanac of Damage Dealing
 71208 | Coc:7    | Got an icy rune of Zot
 71279 | Coc:7    | Reached skill level 10 in Maces & Flails
 71517 | Hell     | Found a gateway to the Iron City of Dis.
 71526 | Dis:1    | Entered Level 1 of the Iron City of Dis
 71646 | Dis:4    | Gained mutation: You are clumsy. (Dex -2) [a cacodemon]
 71753 | Dis:6    | You are sucked into a shaft and drop 1 floor!
 71753 | Dis:7    | Entered Level 7 of the Iron City of Dis
 72312 | Dis:7    | Identified the +4 staff of Dispater
 72312 | Dis:7    | Noticed Dispater
 72340 | Dis:7    | Killed Dispater
 72352 | Dis:7    | Identified the ring "Qebax" {rC+ Int+3} (You found it on
                  | level 7 of the Iron City of Dis)
 72354 | Dis:7    | Got an iron rune of Zot
 72404 | Dis:7    | Identified the ring of the Seeker {rElec rF+ rC+ MP+9}
 72562 | Hell     | Found a gateway to the ashen valley of Gehenna.
 72688 | Geh:1    | Entered Level 1 of Gehenna
 73096 | Geh:7    | Entered Level 7 of Gehenna
 73552 | Geh:7    | Identified the amulet "Kuduifac" {Faith Int+4 Stlth+} (You
                  | found it on level 7 of Gehenna)
 73633 | Geh:7    | Identified the +7 sceptre of Asmodeus
 73633 | Geh:7    | Noticed Asmodeus
 73635 | Geh:7    | Killed Asmodeus
 73650 | Geh:7    | Identified the cursed ring of the Raven {rElec rF- MP+9
                  | Str-4} (You found it on level 7 of Gehenna)
 73672 | Geh:7    | Found the macabre finger necklace {rN+}
 73680 | Geh:7    | Identified the +2 pair of gloves of Dacuipp {+Blink rF+
                  | SInv} (You found it on level 7 of Gehenna)
 73683 | Geh:7    | Identified the +0 robe of Ocay {Int+6} (You found it on
                  | level 7 of Gehenna)
 73692 | Geh:7    | Identified the Compendium of Ensnaring Fire
 73700 | Geh:7    | Got an obsidian rune of Zot
 73781 | Hell     | Found a gateway to the decaying netherworld of Tartarus.
 73928 | Tar:1    | Entered Level 1 of Tartarus
 74190 | Tar:7    | Entered Level 7 of Tartarus
 74259 | Tar:7    | Noticed Ereshkigal
 74266 | Tar:7    | Killed Ereshkigal
 74283 | Tar:7    | Got a bone rune of Zot
 74461 | Depths:3 | Found a one-way gate leading to the halls of Pandemonium.
 74470 | Pan      | Entered Pandemonium
 74549 | Pan      | Noticed Seiluym the pandemonium lord
 74553 | Pan      | Killed Seiluym the pandemonium lord
 74560 | Pan      | Gained mutation: Your spells are a little easier to cast,
                  | but a little less powerful. [a cacodemon]
 74714 | Pan      | Identified the amulet "Jeexuol" {Inacc rElec rF++ MR-
                  | Dex+2} (You found it in Pandemonium)
 74790 | Pan      | Reached skill level 27 in Transmutations
 74923 | Pan      | Identified the +8 arbalest "Boasikly" {venom, Str+3}
 74932 | Pan      | Found a glowing golden altar of the Shining One.
 74932 | Pan      | Identified the ring of Foolhardiness {rF+ Slay+2 SInv}
 74932 | Pan      | Noticed a seraph
 74940 | Pan      | Killed a seraph
 74965 | Pan      | Got a demonic rune of Zot
 74966 | Pan      | Identified the Papyrus of Venomous Attacks
 74970 | Pan      | Identified the Tome of Conjuration and Snow
 75001 | Pan      | Identified the cursed +0 trident "Viapty" {pain, Str+3
                  | Dex+3} (You found it in Pandemonium)
 75427 | Pan      | Reached skill level 1 in Staves
 75450 | Pan      | Noticed Osyism the pandemonium lord
 75457 | Pan      | Killed Osyism the pandemonium lord
 75502 | Pan      | Noticed Toeman the pandemonium lord
 75507 | Pan      | Killed Toeman the pandemonium lord
 75507 | Pan      | Gained mutation: You occasionally shout uncontrollably at
                  | your foes. [a neqoxec]
 75545 | Pan      | Reached skill level 5 in Staves
 75722 | Pan      | Entered the realm of Cerebov.
 76070 | Pan      | Identified the +6 sword of Cerebov {flame}
 76070 | Pan      | Noticed Cerebov
 76073 | Pan      | Killed Cerebov
 76076 | Pan      | Identified the +4 chain mail of Supple Strength {Str+4}
 76076 | Pan      | Identified the ring of Voamah {rC+ rN++ Str+6 Int-2}
 76078 | Pan      | Identified the cursed +1 bardiche of Severance {vorpal,
                  | rPois SInv}
 76093 | Pan      | Got a fiery rune of Zot
 76136 | Pan      | Entered the realm of Gloorx Vloq.
 76140 | Pan      | Noticed Gloorx Vloq
 76155 | Pan      | Killed Gloorx Vloq
 76236 | Pan      | Got a dark rune of Zot
 76272 | Pan      | Entered the realm of Mnoleg.
 76388 | Pan      | Found an exit through the horrors of the Abyss.
 76423 | Pan      | Noticed Mnoleg
 76432 | Pan      | Killed Mnoleg
 76442 | Pan      | Reached skill level 27 in Translocations
 76523 | Pan      | Got a glowing rune of Zot
 76548 | Pan      | Entered the realm of Lom Lobon.
 76554 | Pan      | Reached skill level 10 in Staves
 76640 | Pan      | Noticed Lom Lobon
 76648 | Pan      | Killed Lom Lobon
 76658 | Pan      | Got a magical rune of Zot
 76677 | Pan      | Found an exit through the horrors of the Abyss.
 76754 | Pan      | Took an exit into the Abyss.
 76754 | Abyss:1  | Escaped into the Abyss
 76754 | Abyss:1  | Found a corrupted altar of Lugonu.
 77146 | Depths:3 | Escaped the Abyss
 77167 | Depths:4 | Noticed a juggernaut
 77171 | Depths:4 | Killed a juggernaut
 77212 | Depths:5 | Entered Level 5 of the Depths
 77219 | Depths:5 | Noticed Boris
 77223 | Depths:5 | Found a gate to the Realm of Zot.
 77232 | Depths:5 | Killed Boris
 77256 | Depths:5 | Noticed a juggernaut
 77262 | Depths:5 | Killed a juggernaut
 77429 | Depths:5 | Reached skill level 15 in Maces & Flails
 77440 | Zot:1    | Entered Level 1 of the Realm of Zot
 77440 | Zot:1    | Noticed a juggernaut
 77443 | Zot:1    | Killed a juggernaut
 77451 | Zot:1    | Reached skill level 15 in Staves
 77464 | Zot:1    | Noticed an ancient lich
 77466 | Zot:1    | Killed an ancient lich
 77683 | Zot:1    | Lost mutation: Your muscles are strong. (Str +2) [potion of
                  | mutation]
 77683 | Zot:1    | Lost mutation: You expend magic power (3 MP) to strengthen
                  | your wands. [potion of mutation]
 77683 | Zot:1    | Gained mutation: You can translocate small distances at
                  | will. [potion of mutation]
 77683 | Zot:1    | Gained mutation: Your muscles are strong. (Str +2) [potion
                  | of mutation]
 77684 | Zot:1    | Lost mutation: You are clumsy. (Dex -2) [potion of
                  | mutation]
 77684 | Zot:1    | Lost mutation: You occasionally shout uncontrollably at
                  | your foes. [potion of mutation]
 77684 | Zot:1    | Gained mutation: Your flesh is heat resistant. (rF+)
                  | [potion of mutation]
 77684 | Zot:1    | Gained mutation: You are agile. (Dex +2) [potion of
                  | mutation]
 77851 | Zot:3    | Noticed an orb of fire
 77851 | Zot:3    | Gained mutation: You tend to lose your temper in combat.
                  | [an orb of fire]
 78070 | Zot:4    | Noticed an ancient lich
 78072 | Zot:4    | Killed an ancient lich
 78226 | Zot:5    | Entered Level 5 of the Realm of Zot
 78324 | Zot:5    | Lost mutation: You can translocate small distances at will.
                  | [potion of mutation]
 78324 | Zot:5    | Lost mutation: You are agile. (Dex +2) [potion of mutation]
 78324 | Zot:5    | Lost mutation: You tend to lose your temper in combat.
                  | [potion of mutation]
 78324 | Zot:5    | Lost mutation: Your body sometimes deteriorates upon taking
                  | damage. [potion of mutation]
 78324 | Zot:5    | Gained mutation: Your natural rate of healing is unusually
                  | fast. [potion of mutation]
 78324 | Zot:5    | Gained mutation: You are dopey. (Int -2) [potion of
                  | mutation]
 78324 | Zot:5    | Gained mutation: You are covered in fur. (AC +1) [potion of
                  | mutation]
 78444 | Zot:5    | Noticed an ancient lich
 78447 | Zot:5    | Noticed an ancient lich
 78448 | Zot:5    | Killed an ancient lich
 78451 | Zot:5    | Killed an ancient lich
 78451 | Zot:5    | Noticed an orb of fire
 78516 | Zot:5    | Killed an orb of fire
 78518 | Zot:5    | Noticed an ancient lich
 78520 | Zot:5    | Killed an ancient lich
 78528 | Zot:5    | Noticed an orb of fire
 78530 | Zot:5    | Killed an orb of fire
 78576 | Zot:5    | Noticed an orb of fire
 78578 | Zot:5    | Killed an orb of fire
 78596 | Zot:5    | Noticed an ancient lich
 78599 | Zot:5    | Killed an ancient lich
 79166 | Vaults:2 | Found a staircase to the Crypt.
 79166 | Vaults:2 | Found an ancient bone altar of Kikubaaqudgha.
 79167 | Vaults:2 | Found a basalt altar of Yredelemnul.
 79173 | Crypt:1  | Entered Level 1 of the Crypt
 79255 | Crypt:3  | Entered Level 3 of the Crypt
 79317 | Crypt:3  | Noticed an ancient lich
 79318 | Crypt:3  | Found an ancient bone altar of Kikubaaqudgha.
 79324 | Crypt:3  | Killed an ancient lich
 79359 | Crypt:3  | Found a staircase to the Tomb.
 79374 | Tomb:1   | Entered Level 1 of the Tomb of the Ancients
 79552 | Tomb:1   | Identified the Volume of the Arcane
 79572 | Tomb:2   | Noticed a greater mummy
 79573 | Tomb:2   | Noticed a greater mummy
 79573 | Tomb:2   | Noticed a greater mummy
 79574 | Tomb:2   | Noticed a greater mummy
 79574 | Tomb:2   | Noticed a greater mummy
 79575 | Tomb:2   | Killed a greater mummy
 79576 | Tomb:2   | Killed a greater mummy
 79576 | Tomb:2   | Killed a greater mummy
 79578 | Tomb:2   | Killed a greater mummy
 79578 | Tomb:2   | Killed a greater mummy
 79808 | Tomb:3   | Entered Level 3 of the Tomb of the Ancients
 79816 | Tomb:3   | Noticed a greater mummy
 79823 | Tomb:3   | Noticed Mennas
 79824 | Tomb:3   | Killed a greater mummy
 79826 | Tomb:3   | Killed Mennas
 79826 | Tomb:3   | Noticed a greater mummy
 79831 | Tomb:3   | Noticed a greater mummy
 79833 | Tomb:3   | Killed a greater mummy
 79835 | Tomb:3   | Noticed a greater mummy
 79839 | Tomb:3   | Killed a greater mummy
 79842 | Tomb:3   | Killed a greater mummy
 79881 | Tomb:3   | Noticed a greater mummy
 79885 | Tomb:3   | Got a golden rune of Zot
 79892 | Tomb:3   | Noticed a greater mummy
 79894 | Tomb:3   | Killed a greater mummy
 79894 | Tomb:3   | Noticed a greater mummy
 79899 | Tomb:3   | Killed a greater mummy
 79900 | Tomb:3   | Killed a greater mummy
 80114 | Crypt:1  | Noticed Khufu
 80114 | Crypt:1  | Noticed a greater mummy
 80117 | Crypt:1  | Noticed a greater mummy
 80120 | Crypt:1  | Killed a greater mummy
 80121 | Crypt:1  | Killed a greater mummy
 80123 | Crypt:1  | Killed Khufu
 80456 | Depths:3 | Voluntarily entered the Abyss.
 80609 | Abyss:1  | Found a corrupted altar of Lugonu.
 80620 | Abyss:2  | Found a basalt altar of Yredelemnul.
 80848 | Abyss:4  | Got an abyssal rune of Zot
 80903 | Abyss:4  | Found a corrupted altar of Lugonu.
 80961 | Depths:3 | Escaped the Abyss
 81204 | Zot:5    | Got the Orb of Zot
 81355 | Depths:2 | Noticed Umpol the pandemonium lord
 81357 | Depths:2 | Killed Umpol the pandemonium lord
 81439 | D:15     | Noticed Boris
 81740 | D:$      | Escaped with the Orb!

Illustrated notes

Levels and vault maps discovered:
D:1:      nagdon_arrival_double_spiral, layout_loops_ring
D:2:      layout_loops_ring
D:3:      layout_basic, portal_sewer_entry_a, uniq_sigmund, uniq_jessica
D:4:      layout_loops_ring, minmay_temple_entry_tees, serial_shops, shop, shop,
          shop_statue, nicolae_shop_trees
D:5:      layout_loops_ring, minmay_lizard_king
D:6:      layout_loops_ring, basic_altar
D:7:      layout_rooms, minmay_a_box_with_orc_wizards_in_it
D:8:      layout_layer_cave, serial_shops, shop_statue,
          gammafunk_ghost_hydra_chop, lemuel_statue_altar
D:9:      layout_grid_maze, lemuel_crystal_altar, erik_lair_island,
          grunt_decor_junction
D:10:     layout_roguey, serial_shops, shop, minmay_diced_spiral
D:11:     minmay_firetagon, layout_rooms,
          kennysheep_orc_monster_closet_entryway, basic_altar,
          kennysheep_another_room, lemuel_flame_loot_1
D:12:     layout_long_grid
D:13:     minmay_four_partial_circles, layout_basic, uniq_snorg
D:14:     layout_cave_pools, ximxim_vaults_locker_room, serial_shops, shop,
          minmay_misc_feat_room, minmay_checkered_concentric_circles
D:15:     grunt_enter_depths_hoard, layout_long_grid, basic_altar,
          minmay_misc_feat_rows
Temple:   dpeg_three_leaves_temple
Lair:1:   layout_gridlike, portal_ice_cave_rime, small_statue_intersection,
          chequers_serial_rivers_large_b, nicolae_quartered_pool_medium,
          beast_lair_carwin_4
Lair:2:   layout_roguey, uniq_fannar
Lair:3:   layout_cave_pods, grunt_forest_stairs_clearing, grunt_megastairs_1,
          infiniplex_staircase_pool_2
Lair:4:   layout_regular_city, palyth_hydra_swamp_entry,
          elwin_shoals_entry_rooms, small_statue_intersection
Lair:5:   layout_gridlike, gammafunk_ghost_berserking_beasts
Lair:6:   grunt_lair_end_beastmaster, layout_cave_pods,
          minmay_slime_entry_pillars, uniq_sonja
Swamp:1:  layout_basic_swamp, serial_swamp_ruin, evilmike_swamp_ruin_rubble_1,
          evilmike_swamp_ruin_house_3, swamp_pool4, infiniplex_staircase_pool
Swamp:2:  layout_basic_swamp, lemuel_altar_in_water, swamp_pool3
Swamp:3:  layout_falls_marsh, hangedman_swamp_cone
Swamp:4:  swamp_old_school, layout_basic_swamp, swamp_pool1, uniq_donald
Shoals:1: layout_shoals
Shoals:2: layout_shoals, uniq_nikola
Shoals:3: layout_shoals, serial_shops, shop, ebering_ghost_gozag, uniq_ilsuiw,
          uniq_polyphemus
Shoals:4: shoals_end_grunt_garden, layout_shoals, nicolae_shoals_wave_tunnel
Slime:1:  layout_caves, basic_altar
Slime:2:  layout_caves, nicolae_slime_barrier
Slime:3:  layout_caves
Slime:4:  layout_caves
Slime:5
Orc:1:    layout_diamond_mine, mines2_lemuel
Orc:2:    kennysheep_orc_mage_school, layout_caves, basic_altar
Elf:1:    eino_elf_arrival_shootout, layout_onion_city, evilmike_minifort,
          st_stairs_3, serial_sigils_hangedman_clutch,
          einodemon_crawler_minivault
Elf:2:    layout_onion_city, uniq_louise
Elf:3:    minmay_elf_hall_x, layout_geoelf_grid, serial_shops,
          nicolae_shop_trees, uniq_roxanne
Vaults:1: v_misc_14, ontoclasm_vaults_gateway, vaults_dpeg_spiral,
          vaults_room_stairs_pillars, vaults_room_grunt_arrival_ludios,
          st_octagons_1, vaults_dpeg_doors, serial_ice_b,
          ontoclasm_vaults_loading_screen, nicolae_vaults_specimen_jars,
          layout_vaults_ring
Vaults:2: st_lines, hangedman_vaults_slither, v_misc_14, v_rooms_4,
          ontoclasm_vaults_misaligned, minmay_crypt_entry_necro_gods,
          ontoclasm_vaults_tryst, vaults_room_fours, v_misc_11,
          nicolae_vaults_little_squares_1, nicolae_vaults_little_squares_6,
          vaults_dpeg_diagonal, v_pattern_4,
          hangedman_vaults_stretched_pinwheel, nicolae_vaults_mini_display_case,
          layout_vaults_omnibox, uniq_boris
Vaults:3: v_misc_23, hangedman_vaults_corner, v_alt_pattern_5,
          hangedman_vaults_hat, nicolae_vaults_network_quincunx
          [nicolae_vaults_network_quincunx_subvault,
          nicolae_vaults_network_quincunx_subvault,
          nicolae_vaults_network_quincunx_subvault,
          nicolae_vaults_network_quincunx_subvault,
          nicolae_vaults_network_quincunx_subvault], nicolae_vaults_minivaults,
          hangedman_vaults_snaps, grunt_vaults_twisty,
          nicolae_vaults_little_squares_1, vaults_room_door_ring,
          vaults_room_stairs_pillars, layout_vaults_maze_bifur
Vaults:4: vaults_room_stairs_pillars, nicolae_vaults_back_hallway,
          vaults_mumra_chevron, v_misc_11, vaults_room_large_hall,
          ontoclasm_vaults_ligature, hangedman_vaults_stagger,
          nicolae_vaults_little_squares_1, ontoclasm_vaults_chip,
          vaults_room_hallway, vaults_dpeg_ring, ontoclasm_vaults_twist,
          layout_vaults_omnicross, uniq_aizul
Vaults:5
Crypt:1:  layout_regular_city, grunt_crypt_arrival_webbed, uniq_xtahua,
          uniq_khufu
Crypt:2:  layout_basic
Crypt:3:  cryptofortress_bobbens
Tomb:1
Tomb:2
Tomb:3:   uniq_mennas
Depths:1: layout_gridville, enter_trove_1, grunt_mini_vestibule,
          nrook_mini_backslash, minmay_orc_keep, grunt_megastairs_4,
          serial_bayou_shore_b
Depths:2: ragdoll_tomb_raider, layout_cave_shapes, grunt_decor_arrowhead,
          hellmouth_3, minmay_staircase_bubble, serial_bayou_shore_b
Depths:3: cheibrodos_tormentor_scu, layout_long_grid, enter_ziggurat_c,
          abyss_entry, grunt_decor_mini_mirrors, hell_entry, pan_entry,
          serial_shops, nicolae_shop_waterfront, serial_bayou_shore_a
Depths:4: evilmike_cross, layout_small_grid, grunt_hell_entry_dis_old,
          pan_entry, abyss_entry_glasseish, minmay_misc_feat_encased,
          minmay_shoptagon
Depths:5: grunt_zot_entry_bicorn, layout_twisted_cross, serial_sigils,
          serial_sigils_hangedman_gnaw, serial_sigils_hangedman_leer,
          serial_sigils_hangedman_scar, serial_sigils_hangedman_scratch,
          serial_sigils_hangedman_shear, serial_sigils_hangedman_stare,
          pf_hell_entry_tar_river, abyss_entry_small_statue_room
Hell
Dis:1:    layout_regular_city, hangedman_dis_decor_tower
Dis:2:    layout_chaotic_city
Dis:3:    hangedman_dis_monolith, layout_regular_city,
          hangedman_dis_decor_blocks_talon, lemuel_elevator
Dis:4:    layout_regular_city
Dis:5:    layout_subdivisions
Dis:6:    kennysheep_iron_temple, layout_subdivisions
Dis:7:    dis_st
Geh:1:    layout_gehenna_lava_caves, nicolae_geh_fiery_graves
          [nicolae_geh_single_fiery_grave, nicolae_geh_single_fiery_grave,
          nicolae_geh_single_fiery_grave, nicolae_geh_single_fiery_grave,
          nicolae_geh_single_fiery_grave, nicolae_geh_single_fiery_grave,
          nicolae_geh_single_fiery_grave, nicolae_geh_single_fiery_grave,
          nicolae_geh_single_fiery_grave], lemuel_flamethrower_2
Geh:2:    layout_gehenna_pools_triple
Geh:3:    layout_gehenna_lava_caves
Geh:4:    layout_gehenna_pools_basic, nicolae_geh_single_fiery_grave
Geh:5:    layout_gehenna_pools_box
Geh:6:    layout_gehenna_lava_caves
Geh:7:    geh_mu
Coc:1:    layout_ice_bergs, special_room [special_room_morgue]
Coc:2:    layout_ice_bergs
Coc:4:    layout_cocytus_water_paths
Coc:5:    layout_cocytus_water_paths
Coc:6:    layout_cocytus_delve, grunt_megastairs_5
Coc:7:    coc_grunt_cove [coc_grunt_cove_antaeus, coc_grunt_cove_fiend,
          coc_grunt_cove_fiend, coc_grunt_cove_fiend, coc_grunt_cove_fiend]
Tar:1:    layout_cathedral_of_symmetry
Tar:2:    layout_cathedral_of_symmetry
Tar:3:    layout_honeycomb
Tar:4:    layout_catacombs
Tar:5:    layout_catacombs, nicolae_tar_cuneiform_heaven
Tar:6:    layout_cathedral_of_symmetry, evilmike_ambush
          [evilmike_ambush_outer_pillars, evilmike_ambush_inner_basic]
Tar:7:    tar_minmay_river
Zot:1:    ebering_greatest_show_in_zot, layout_twisted_circle
Zot:2:    lemuel_draconian_sentries, layout_misc_corridors, grunt_megastairs_2
Zot:3:    layout_cathedral_of_symmetry
Zot:4:    hangedman_zot_vaults_quadrants, layout_concentric_octagons,
          st_small_dragon_hoard_1
Zot:5:    layout_misc_corridors, grunt_ministairs_6

Skill      XL: |  1  2  3  4  5  6  7  8  9 10 11 12 13 14 15 16 17 18 19 20 21 22 23 24 25 26 27 |
---------------+----------------------------------------------------------------------------------+-----
Fire Magic     | 4 5 6 7 9 10 12 14 16 18 19 20 21 22 23 24 25 26 27 | 27.0
Conjurations   | 2 3 4 5 6 7 9 10 11 12 13 14 16 19 20 21 22 23 27 | 27.0
Spellcasting   | 4 5 6 7 9 10 12 13 14 15 17 19 20 21 22 23 24 25 26 27 | 27.0
Dodging        | 4 5 6 7 8 10 11 12 27 | 27.0
Stealth        | 3 27 | 27.0
Fighting       | 1 2 4 5 6 27 | 27.0
Evocations     | 4 5 6 8 9 10 12 27 | 27.0
Earth Magic    | 2 4 6 27 | 27.0
Ice Magic      | 1 4 27 | 27.0
Air Magic      | 3 4 6 8 27 | 27.0
Shields        | 4 5 6 27 | 27.0
Armour         | 2 27 | 27.0
Transmutations | 3 5 27 | 27.0
Necromancy     | 27 | 27.0
Translocations | 27 | 27.0
Maces & Flails | 21 | 21.1
Staves         | 23 | 23.7

Action                   |  1- 3 |  4- 6 |  7- 9 | 10-12 | 13-15 | 16-18 | 19-21 | 22-24 | 25-27 || total
-------------------------+-------+-------+-------+-------+-------+-------+-------+-------+-------++-------
Melee: Dagger            |    17 |       |       |       |       |       |       |       |       ||    17
       Spear             |     1 |    12 |    32 |    39 |       |       |       |       |       ||    84
       Trident           |       |       |     7 |     4 |     1 |       |       |       |       ||    12
       Staff             |       |       |       |     1 |     4 |     2 |       |     1 |    92 ||   100
 Cast: Foxfire           |    99 |   127 |   311 |   205 |    64 |       |       |       |       ||   806
       Conjure Flame     |     1 |       |     6 |    14 |       |       |       |       |       ||    21
       Sticky Flame      |       |     1 |    16 |    48 |    36 |     7 |     2 |       |       ||   110
       Fireball          |       |       |     6 |   152 |   380 |   401 |    53 |     4 |       ||   996
       Magic Dart        |       |       |       |    24 |       |     8 |       |     4 |       ||    36
       Mephitic Cloud    |       |       |       |    16 |     2 |     1 |       |       |       ||    19
       Iron Shot         |       |       |       |       |    10 |    31 |     3 |    19 |     4 ||    67
       Ignition          |       |       |       |       |    16 |    40 |    27 |    22 |   239 ||   344
       Freezing Cloud    |       |       |       |       |       |     1 |       |     1 |       ||     2
       Iskenderun's Batt |       |       |       |       |       |     7 |     6 |     2 |     2 ||    17
       Fire Storm        |       |       |       |       |       |       |   178 |   228 |  1327 ||  1733
       Statue Form       |       |       |       |       |       |       |       |       |     2 ||     2
       Shatter           |       |       |       |       |       |       |       |       |   739 ||   739
       Tornado           |       |       |       |       |       |       |       |       |   249 ||   249
       Sublimation of Bl |       |       |       |       |       |       |       |       |    64 ||    64
       Absolute Zero     |       |       |       |       |       |       |       |       |    41 ||    41
       Orb of Destructio |       |       |       |       |       |       |       |       |    20 ||    20
       Necromutation     |       |       |       |       |       |       |       |       |    17 ||    17
       Death's Door      |       |       |       |       |       |       |       |       |     7 ||     7
       Bolt of Magma     |       |       |       |       |       |       |       |       |     2 ||     2
 Abil: Evoke Invisibilit |       |       |       |       |       |       |     3 |       |       ||     3
       End Transformatio |       |       |       |       |       |       |       |       |     9 ||     9
Evoke: Wand              |       |       |       |     8 |       |     5 |       |     4 |     3 ||    20
       Figurine of a zig |       |       |       |       |       |       |       |       |     3 ||     3
  Use: Scroll            |       |     7 |     7 |     8 |    18 |     8 |     6 |    12 |   156 ||   222
       Potion            |       |     1 |     1 |     3 |       |     3 |     1 |     1 |    67 ||    77
 Stab: Sleeping          |     2 |     1 |       |       |       |       |       |       |     1 ||     4
       Confused          |       |       |       |     3 |       |       |       |       |       ||     3
       Distracted        |       |       |       |       |       |       |       |       |     1 ||     1
Armor: Robe              |     3 |     6 |    12 |    34 |    14 |    10 |     3 |     6 |       ||    88
       Skin              |       |       |       |       |       |       |       |       |    40 ||    40
       Leather armour    |       |       |       |       |       |       |       |       |   207 ||   207
Dodge: Dodged            |    19 |    15 |    54 |   172 |    89 |    53 |    21 |    30 |  1022 ||  1475
Block: Buckler           |       |       |       |       |       |    17 |    31 |    29 |    94 ||   171
       Reflection        |       |       |       |       |       |       |    11 |     7 |       ||    18
       Kite shield       |       |       |       |       |       |       |       |       |  1038 ||  1038
       Rpst.: Staff      |       |       |       |       |       |       |       |       |     4 ||     4

Table legend: (Time is in decaauts)
 A = Elapsed time spent in this place.
 B = Non-inter-level travel time spent in this place.
 C = Inter-level travel time spent in this place.
 D = Time resting spent in this place.
 E = Time spent auto-exploring this place.
 F = Levels seen in this place.
 G = Mean time per level.
                   A        B        C        D        E       F      G
               +--------+--------+--------+--------+--------+-----+--------+
         Total |  82398 |  75856 |   6542 |  16733 |  34736 | 215 |  383.2 |
       Dungeon |  22533 |  20197 |   2336 |   4446 |  12414 |  15 | 1502.2 |
        Temple |      7 |      7 |      0 |      0 |      0 |   1 |    7.0 |
          Lair |   9968 |   7932 |   2036 |   1227 |   5870 |   6 | 1661.3 |
         Swamp |   3492 |   3351 |    141 |    939 |   1902 |   4 |  873.0 |
        Shoals |   5251 |   5144 |    107 |    752 |   3746 |   4 | 1312.8 |
    Slime Pits |   1148 |   1097 |     51 |    536 |    103 |   5 |  229.6 |
  Orcish Mines |   2671 |   2538 |    133 |   1078 |    869 |   2 | 1335.5 |
   Elven Halls |   4028 |   3853 |    175 |    617 |   2563 |   3 | 1342.7 |
        Vaults |   6953 |   6334 |    619 |   1816 |   3425 |   5 | 1390.6 |
         Crypt |    320 |    295 |     25 |      0 |      0 |   3 |  106.7 |
          Tomb |    744 |    568 |    176 |    137 |      0 |   3 |  248.0 |
        Depths |   5528 |   4968 |    560 |   1109 |   2819 |   5 | 1105.6 |
          Hell |    654 |    596 |     58 |    398 |      0 |   1 |  654.0 |
           Dis |    990 |    990 |      0 |    217 |      0 |   7 |  141.4 |
       Gehenna |    906 |    906 |      0 |     98 |      0 |   7 |  129.4 |
       Cocytus |    725 |    703 |     22 |      0 |      0 |   6 |  120.8 |
      Tartarus |    430 |    430 |      0 |      0 |      0 |   7 |   61.4 |
           Zot |   1503 |   1405 |     98 |    249 |      0 |   5 |  300.6 |
         Abyss |    890 |    890 |      0 |      0 |     47 |   5 |  178.0 |
   Pandemonium |   2249 |   2249 |      0 |    675 |     74 |  11 |  204.5 |
      Ziggurat |   9649 |   9649 |      0 |   1945 |     27 | 108 |   89.3 |
         Sewer |    983 |    983 |      0 |    128 |    609 |   1 |  983.0 |
      Ice Cave |    766 |    766 |      0 |    364 |    266 |   1 |  766.0 |
               +--------+--------+--------+--------+--------+-----+--------+

Top non-repeatable levels by time:
    D:13: 3073 daAuts
    D:10: 2327 daAuts
    D:11: 2230 daAuts
Depths:1: 2180 daAuts
    D:12: 2109 daAuts
  Lair:6: 2095 daAuts
     D:9: 2093 daAuts
Vaults:5: 2064 daAuts
Depths:2: 1952 daAuts
  Lair:1: 1914 daAuts
Vaults:4: 1883 daAuts
     D:8: 1820 daAuts
   Elf:3: 1796 daAuts
  Lair:4: 1786 daAuts
Shoals:4: 1744 daAuts
